Workbook
Name Alternativen1_ref: Berechnungsgrundlagen!$B$39:$B$46
Name Alternativen2_ref: Berechnungsgrundlagen!$B$46:$B$48
Name Anzahl_Jahre: #REF!
Name Bauvorhaben_ref: Berechnungsgrundlagen!$B$34:$B$36
Name Betriebszeit: Berechnungsgrundlagen!$C$18
Name EBF: Berechnung!$J$13
Name Energiepreise_ref: Berechnungsgrundlagen!$B$51:$E$62
Name Faktor: '5.1 Raumbedarf'!$C$5
Name Fernwärme: Berechnung!$H$17
Name Fernwärme_Invest_ref: '3.1-4.1 Investitionskosten'!$B$4:$G$8
Name Förderbeiträge: Berechnungsgrundlagen!$B$83:$C$91
Name Gasheizung_Invest_ref: '3.1-4.1 Investitionskosten'!$B$54:$G$58
Name Gebäudekategorie_ref: Berechnungsgrundlagen!$B$2:$B$14
Name Heizgradtage: Berechnungsgrundlagen!$C$17
Name Heizleistungsbedarf: Berechnung!$J$14
Name Heizwerk: Berechnung!$H$18
Name Investition_ref: Berechnungsgrundlagen!$B$70:$F$81
Name MWST: '2.3 Energiepreise'!$D$12
Name NEB: Berechnung!$J$16
Name NEB_manuell: Berechnung!$L$16
Name Nutzungsgrad_max: Berechnungsgrundlagen!$B$51:$D$62
Name Nutzungsgrad_ref: Berechnungsgrundlagen!$B$51:$C$62
Name Nutzungsgrad_Tabelle: '2.1 Nutzungsgrad'!$B$4:$F$50
Name Oelheizung_Invest_ref: '3.1-4.1 Investitionskosten'!$B$49:$G$53
Name Pellets_Invest_ref: '3.1-4.1 Investitionskosten'!$B$34:$G$38
Name Preis_Fernwärme_ref: Berechnungsgrundlagen!$B$65:$C$66
Name Raumbedarf_ref: Berechnungsgrundlagen!$B$95:$C$106
Name Schnitzel_Invest_ref: '3.1-4.1 Investitionskosten'!$B$39:$G$43
Name Spez_Raumkosten: Berechnungsgrundlagen!$C$108
Name Strompreis_ref: '2.3 Energiepreise'!$B$18:$D$47
Name Stromverbrauch_ref: Berechnungsgrundlagen!$B$2:$C$14
Name Stückholz_Invest_ref: '3.1-4.1 Investitionskosten'!$B$44:$G$48
Name System_1: Berechnung!$D$20
Name System_1b: Berechnung!$F$20
Name System_2: Berechnung!$H$20
Name System_3: Berechnung!$J$20
Name System_4: Berechnung!$L$20
Name Ta: Berechnungsgrundlagen!$C$20
Name Ti: Berechnungsgrundlagen!$C$19
Name Wärmeverteil: Berechnung!#REF!
Name Warmwasserbedarf: Berechnung!$J$15
Name Warmwasserbedarf_ref: Berechnungsgrundlagen!$B$3:$D$14
Name Warmwasserbedarf_ref2: Berechnung!#REF!
Name Wartung_Unterhalt_ref: Berechnungsgrundlagen!$B$50:$F$62
Name WP_Luft_Liste: Berechnungsgrundlagen!$B$40:$B$41
Name WPAbsropt_Invest_ref: '3.1-4.1 Investitionskosten'!$B$59:$G$63
Name WPLuft_Invest_ref: '3.1-4.1 Investitionskosten'!$B$14:$G$18
Name WPLufti_Invest_ref: '3.1-4.1 Investitionskosten'!$B$19:$G$23
Name WPSonde_Invest_ref: '3.1-4.1 Investitionskosten'!$B$24:$G$28
Name WPWasser_Invest_ref: '3.1-4.1 Investitionskosten'!$B$29:$G$33
Name WPZeolyth_Invest_ref: '3.1-4.1 Investitionskosten'!$B$64:$G$68

Sheet Berechnung
B1: Vergleich Gestehungskosten Heizwärme gemäss Art. 19 EnV (RB 40.72.13)
B4: Objekt | F4: Version: | G4: ='Log-Journal'!E2 -> v 1.0 | K4: Formular gültig bis: | L4: ='Log-Journal'!E3 -> 46387
B5: Bezeichnung des Bauvorhabens | O5: Bezeichnung des Bauvorhabens (frei wählbar).
B6: Adresse | O6: "Strasse Nummer PLZ Ort" des Bauvorhabens.
B7: Daten gemäss Eidg. Gebäude- und Wohnungsregister (GWR) | C7: EGID Nummer: | E7: =IF(C6="","",IF(ISERROR(GWR!C3),"Adresse nicht gefunden",GWR!C3)) | H7: Energiebezugsfläche [m²]: | K7: =IF(C6="","",IF($E$7="Adresse nicht gefunden",$E$7,GWR!B9)) | O7: =HYPERLINK("http://map.geo.admin.ch/?ch.bfs.gebaeude_wohnungs_register="&GWR!C3&"_0&lang=de&topic=ech&zoom=10&crosshair=circle", "Karte anschauen") -> #VALUE! | Q7: Falls EGID und Karte nicht angezeigt werden: Adresse ergänzen/ändern.
C8: Wärmeerzeuger 1: | E8: =IF(C6="","",IF($E$7="Adresse nicht gefunden",$E$7,GWR!B11)) | H8: Wärmeerzeuger 2: | K8: =IF(C6="","",IF($E$7="Adresse nicht gefunden",$E$7,GWR!B15)) | O8: =HYPERLINK("https://api.geo.admin.ch/rest/services/ech/MapServer/ch.bfs.gebaeude_wohnungs_register/" & GWR!B3 & "/extendedHtmlPopup?lang=de", "GWR Daten anschauen") -> GWR Daten anschauen | Q8: Die Daten aus dem GWR dienen nur zur Überprüfung und als Richtwert.
A10: 33 | B10: Gebäudedaten
A11: 1.1 | B11: Gebäudekategorie | O11: Gebäudekategorie wählen mit Pulldown-Menü.
A12: 1.2 | B12: Stromverbraucherprofil | J12: =IF(ISERR(VLOOKUP(J11,Stromverbrauch_ref,2,FALSE))," ",IF(ISNA(VLOOKUP(J11,Stromverbrauch_ref,2,FALSE))," ",VLOOKUP(J11,Stromverbrauch_ref,2,FALSE))) | O12: Stromverbraucherprofil gemäss Stromabrechnung (wird automatisch anhand der Gebäudekategorie bestimmt, kann aber überschrieben werden).
A13: 1.3 | B13: Energiebezugsfläche | H13: m² | O13: Energiebezugsfläche: Der Wert aus dem GWR, falls vorhanden, kann als Richtwert dienen (Zelle K7). Achtung bei Gebäuden mit Heizungen, wo mehrere Gebäude an die Heizung angehängt sind.
A14: 1.4 | B14: Heizleistungsbedarf | F14: =(IF(Heizleistungsbedarf=0," ",Heizleistungsbedarf/EBF*1000)) | H14: kW | O14: Heizleistungsbedarf (nach SIA 384/2 oder 384.201 wenn vorhanden).
A15: 1.5 | B15: Warmwasserbedarf nach SIA 380/1 Ausgabe 2016 | H15: kWh/m²a | J15: =IF(ISERROR(VLOOKUP($J$11,Warmwasserbedarf_ref,3,FALSE))," ",(VLOOKUP($J$11,Warmwasserbedarf_ref,3,FALSE)))
A16: 1.6 | B16: Nutzenergiebedarf (Berechnung oder gemäss Nachweis) | H16: kWh/a | J16: =IF(ISERROR(Heizleistungsbedarf*Heizgradtage*Betriebszeit/(Ti-Ta)+EBF*Warmwasserbedarf)," ",Heizleistungsbedarf*Heizgradtage*Betriebszeit/(Ti-Ta)+EBF*Warmwasserbedarf) | O16: Manuelle Eingabe in hellgelbes Feld übersteuert automatische Berechnung (mit separatem Nachweis von Verbrauchszahlen vergangener Jahre zu belegen).
A17: 1.7 | B17: Ist ein Anschluss an Fernwärme möglich? | O17: Möglichkeit eines Fernwärmeanschlusses (Leitung in der Nähe) | T17: https://geo.ur.ch/
A18: 1.8 | B18: Falls Fernwärme möglich, welcher Anbieter? | H18: Heizwerk A | O18: Auswahl von Anbietern
D19: Alternative Systeme | L19: Fossile Heizung
B20: Vergleich Heizungssysteme | D20: =IF(ISERROR(IF(Fernwärme=0," ",IF(Fernwärme="Ja","Fernwärme"," ")))," ",IF(Fernwärme=0," ",IF(Fernwärme="Ja","Fernwärme"," "))) | F20: WP-Luft (a) | H20: WP-Sonde | J20: Holz-Pellets | L20: Oelheizung | O20: Fernwärme wenn möglich: Pflicht, WP-Luft: Pflicht, WP-Sonde (wenn gemäss www.geo.ur.ch möglich): Pflicht.
A21: 2 | B21: Heizungssystem
A22: 2.1 | B22: Nutzungsgrad / JAZ (Standardwert / Nachweis) | C22: - | D22: =IF(ISERROR(VLOOKUP(System_1,Nutzungsgrad_ref,2,FALSE))," ",VLOOKUP(System_1,Nutzungsgrad_ref,2,FALSE)) | F22: =IF(ISERROR(VLOOKUP(System_1b,Nutzungsgrad_ref,2,FALSE))," ",VLOOKUP(System_1b,Nutzungsgrad_ref,2,FALSE)) -> 2.5 | H22: =IF(ISERROR(VLOOKUP(System_2,Nutzungsgrad_ref,2,FALSE))," ",VLOOKUP(System_2,Nutzungsgrad_ref,2,FALSE)) -> 3.5 | J22: =IF(ISERROR(VLOOKUP(System_3,Nutzungsgrad_ref,2,FALSE))," ",VLOOKUP(System_3,Nutzungsgrad_ref,2,FALSE)) -> 0.85 | L22: =IF(ISERROR(VLOOKUP(System_4,Nutzungsgrad_ref,2,FALSE))," ",VLOOKUP(System_4,Nutzungsgrad_ref,2,FALSE)) -> 0.85 | O22: Nutzungsgrad / JAZ kann in hellgelben Feldern übersteuert werden. Falls die manuelle Eingabe den üblichen Maximalwert überschreitet, erscheint er in rot.
A23: 2.2 | B23: Energiebedarf | C23: kWh/a | D23: =IF(ISERROR(IF(NEB_manuell<>"",NEB_manuell,NEB)/D22)," ",(IF(NEB_manuell<>"",NEB_manuell,NEB)/D22)) | F23: =IF(ISERROR(IF(NEB_manuell<>"",NEB_manuell,NEB)/IF(G22<>"",G22,F22))," ",(IF(NEB_manuell<>"",NEB_manuell,NEB)/IF(G22<>"",G22,F22))) | H23: =IF(ISERROR(IF(NEB_manuell<>"",NEB_manuell,NEB)/IF(I22<>"",I22,H22))," ",(IF(NEB_manuell<>"",NEB_manuell,NEB)/IF(I22<>"",I22,H22))) | J23: =IF(ISERROR(IF(NEB_manuell<>"",NEB_manuell,NEB)/IF(K22<>"",K22,J22))," ",(IF(NEB_manuell<>"",NEB_manuell,NEB)/IF(K22<>"",K22,J22))) | L23: =IF(ISERROR(IF(NEB_manuell<>"",NEB_manuell,NEB)/IF(M22<>"",M22,L22))," ",(IF(NEB_manuell<>"",NEB_manuell,NEB)/IF(M22<>"",M22,L22)))
A24: 2.3 | B24: Energiepreis (inkl. MWST und CO2-Abgabe) | C24: Rp/kWh | D24: =IF(ISERROR(IF(Fernwärme="Ja",VLOOKUP(Heizwerk,Preis_Fernwärme_ref,2,FALSE),VLOOKUP(System_1,Energiepreise_ref,4,FALSE))),"",IF(Fernwärme="Ja",VLOOKUP(Heizwerk,Preis_Fernwärme_ref,2,FALSE),VLOOKUP(System_1,Energiepreise_ref,4,FALSE))) | F24: =IF(ISERROR(VLOOKUP(System_1b,Energiepreise_ref,4,FALSE))," ",VLOOKUP(System_1b,Energiepreise_ref,4,FALSE)) | H24: =IF(ISERROR(VLOOKUP(System_2,Energiepreise_ref,4,FALSE))," ",VLOOKUP(System_2,Energiepreise_ref,4,FALSE)) | J24: =IF(ISERROR(VLOOKUP(System_3,Energiepreise_ref,4,FALSE))," ",VLOOKUP(System_3,Energiepreise_ref,4,FALSE)) -> 10.425542 | L24: =IF(ISERROR(VLOOKUP(System_4,Energiepreise_ref,4,FALSE))," ",VLOOKUP(System_4,Energiepreise_ref,4,FALSE)) -> 11.889134
A25: 2.4 | B25: Jahreskosten für Energie | C25: Fr. | D25: =IF(ISERROR(D23*IF(E24<>"",E24,D24)/100)," ",(D23*IF(E24<>"",E24,D24))/100) | F25: =IF(ISERROR(F23*F24)/100," ",(F23*F24)/100) | H25: =IF(ISERROR(H23*H24/100)," ",(H23*H24/100)) | J25: =IF(ISERROR(J23*J24/100)," ",(J23*J24/100)) | L25: =IF(ISERROR(L23*L24/100)," ",(L23*L24/100))
A26: 3 | B26: Investitionskosten (Amortisationszeit 20 Jahre)
A27: 3.1 | B27: Technik und Bauliches (Standardwert / Nachweis) | C27: Tsd. Fr. | D27: =IF(D22=" ","",(VLOOKUP(System_1,Investition_ref,2,FALSE)+VLOOKUP(System_1,Investition_ref,3,FALSE))/1000) | F27: =IF(F22=" ","",(VLOOKUP(System_1b,Investition_ref,2,FALSE)+VLOOKUP(System_1b,Investition_ref,3,FALSE))/1000) -> 32 | H27: =IF(H22=" ","",(VLOOKUP(System_2,Investition_ref,2,FALSE)+VLOOKUP(System_2,Investition_ref,3,FALSE))/1000) -> 30 | J27: =IF(J22=" ","",(VLOOKUP(System_3,Investition_ref,2,FALSE)+VLOOKUP(System_3,Investition_ref,3,FALSE))/1000) -> 37 | L27: =IF(L22=" ","",(VLOOKUP(System_4,Investition_ref,2,FALSE)+VLOOKUP(System_4,Investition_ref,3,FALSE))/1000) -> 37 | O27: Wärmeerzeuger, Warmwassererwärmer, Regelung, Brennstofflager, Oeltank, Abgasanlage, Umwälzpumpen, Gasleitung, Transport, Montage etc. Richtwerte können durch manuelle Eingabe übersteuert werden.
A28: 3.2 | B28: Honorare (Standardwert / Nachweis) | C28: Tsd. Fr. | D28: =IF(D22=" ","",VLOOKUP(System_1,Investition_ref,4,FALSE)/1000) | F28: =IF(F22=" ","",VLOOKUP(System_1b,Investition_ref,4,FALSE)/1000) -> 15 | H28: =IF(H22=" ","",VLOOKUP(System_2,Investition_ref,4,FALSE)/1000) -> 18 | J28: =IF(J22=" ","",VLOOKUP(System_3,Investition_ref,4,FALSE)/1000) -> 17 | L28: =IF(L22=" ","",VLOOKUP(System_4,Investition_ref,4,FALSE)/1000) -> 11 | O28: Elektro, Baumeister etc. Richtwerte können durch manuelle Eingabe in das gelbe Feld übersteuert werden.
A29: 3.3 | B29: Erfüllung Massnahmen EnG Art. 11 Abs. 2 | C29: Tsd. Fr. | D29: =IF(System_1=" "," ","-") | F29: =IF(System_1=" "," ","-") | H29: =IF(System_1=" "," ","-") | J29: =IF(System_1=" "," ","-") | O29: Gemäss EnG Art. 11 Abs. 2 muss beim Wiedereinbau eines fossilen Wärmeerzeugers der fossile Verbrauch durch geeignete Effizienzmassnahmen der Gebäudehülle oder der Haustechnik reduziert werden. Die Massnahmen dazu sind in der EnV Art. 18 Abs. 2 beschrieben
A30: 3.4 | B30: Vorgabe erfüllt mit folgender Massnahme | C30: Freier Text | D30: =IF(System_1=" "," ","-") | F30: =IF(System_1b=""," ","-") -> - | H30: =IF(System_2=""," ","-") -> - | J30: =IF(System_3=""," ","-") -> - | O30: Welche Massnahme wird für die Erfüllung des EnG Art. 11 Abs.2 umgesetzt? Bitte mit einem Stichwort beschreiben.
A31: 3.5 | B31: Voraussichtlicher Förderbeitrag (Kanton) | C31: Fr. | D31: =IF(ISERROR(VLOOKUP(System_1,Förderbeiträge,2,FALSE))," ",VLOOKUP(System_1,Förderbeiträge,2,FALSE)) | F31: =IF(ISERROR(VLOOKUP(System_1b,Förderbeiträge,2,FALSE))," ",VLOOKUP(System_1b,Förderbeiträge,2,FALSE)) -> 3200 | H31: =IF(ISERROR(VLOOKUP(System_2,Förderbeiträge,2,FALSE))," ",VLOOKUP(System_2,Förderbeiträge,2,FALSE)) -> 84800 | J31: =IF(ISERROR(VLOOKUP(System_3,Förderbeiträge,2,FALSE))," ",VLOOKUP(System_3,Förderbeiträge,2,FALSE)) -> 80000 | L31: =IF(System_4=" "," ",0) -> 0 | O31: Förderbeitrag berechnet aus dem kantonalen Fördermodell. Bei der Fernwärme können die Förderbeiträge abweichen (evtl. von Netzbetreiber beansprucht). In diesem Fall Beitrag in hellgelbes Feld eintragen.
A32: 3.6 | B32: Voraussichtlicher Förderbeitrag (Gemeinde) | C32: Fr. | L32: =IF(System_4=" "," ",0) -> 0 | O32: Förderbeitrag von der Gemeinde (meistens mit der Förderung des Kantons kombinierbar).
A33: 3.7 | B33: Voraussichtlicher Förderbeitrag (Weitere) | C33: Fr. | L33: =IF(System_4=" "," ",0) -> 0 | O33: Förderbeitrag von Weiteren (bspw. Energie Zukunft Schweiz AG oder MyClimate). Diese Förderung ist meistens nicht mit der Förderung des Kantons kombinierbar. In diesem Fall bitte Förderung des Kantons im hellgelben Feld auf 0 setzen.
A34: 3.8 | B34: Total Installationskosten (inkl. Förderung) | C34: Fr. | D34: =IF(ISERROR(IF(D22=" "," ",IF(E27="",D27,E27)*1000+IF(E28="",D28,E28)*1000-IF(E31="",SUM(D31:D33),SUM(E31,D32:D33)))),"",IF(D22=" "," ",IF(E27="",D27,E27)*1000+IF(E28="",D28,E28)*1000-IF(E31="",SUM(D31:D33),SUM(E31,D32:D33)))) | F34: =IF(ISERROR(IF(F22=" "," ",IF(G27="",F27,G27)*1000+IF(G28="",F28,G28)*1000-IF(G31="",SUM(F31:F33),SUM(G31,F32:F33)))),"",IF(F22=" "," ",IF(G27="",F27,G27)*1000+IF(G28="",F28,G28)*1000-IF(G31="",SUM(F31:F33),SUM(G31,F32:F33)))) -> 43800 | H34: =IF(ISERROR(IF(H22=" "," ",IF(I27="",H27,I27)*1000+IF(I28="",H28,I28)*1000-IF(I31="",SUM(H31:H33),SUM(I31,H32:H33)))),"",IF(H22=" "," ",IF(I27="",H27,I27)*1000+IF(I28="",H28,I28)*1000-IF(I31="",SUM(H31:H33),SUM(I31,H32:H33)))) -> -36800 | J34: =IF(ISERROR(IF(J22=" "," ",IF(K27="",J27,K27)*1000+IF(K28="",J28,K28)*1000-IF(K31="",SUM(J31:J33),SUM(K31,J32:J33)))),"",IF(J22=" "," ",IF(K27="",J27,K27)*1000+IF(K28="",J28,K28)*1000-IF(K31="",SUM(J31:J33),SUM(K31,J32:J33)))) -> -26000 | L34: =IF(ISERROR(IF(M27="",L27,M27)*1000+IF(M28="",L28,M28)*1000+L29*1000-L31),"",IF(M27="",L27,M27)*1000+IF(M28="",L28,M28)*1000+L29*1000-L31) -> 48000
A35: 4 | B35: Investitionskosten (Amortisationszeit 40 Jahre)
A36: 4.1 | B36: Erdwärmesonde, Elektrozuleitung, Fernwärme | C36: Tsd. Fr. | D36: =IF(D22=" ","",VLOOKUP(System_1,Investition_ref,5,FALSE)/1000) | F36: =IF(F22=" ","",VLOOKUP(System_1b,Investition_ref,5,FALSE)/1000) -> 0 | H36: =IF(H22=" ","",VLOOKUP(System_2,Investition_ref,5,FALSE)/1000) -> 14 | J36: =IF(J22=" ","",VLOOKUP(System_3,Investition_ref,5,FALSE)/1000) -> 0 | L36: =IF(L22=" ","",VLOOKUP(System_4,Investition_ref,5,FALSE)/1000) -> 0 | O36: Elektrozuleitung bei WP-Anlagen prüfen! Richtwerte können durch manuelle Eingabe übersteuert werden. Bei Fernwärme: Anschlussgebühren und Unterstation.
A37: 4.2 | B37: Weitere Baukosten mit Amortisation 40 Jahre | C37: Tsd. Fr. | D37: =IF(System_1=" ","",0) | F37: =IF(System_1b="","",0) -> 0 | H37: =IF(System_2="","",0) -> 0 | J37: =IF(System_3="","",0) -> 0 | L37: =IF(System_4=" ","",0) -> 0 | O37: Investitionskosten, die über 40 Jahre amortisiert werden (im Gegensatz zu Investitionen in Technisches, welche über 20 Jahre amortisiert werden), Beispiel: Sockel.
A38: 5 | B38: Raumkosten (Amortisationszeit 40 Jahre)
A39: 5.1 | B39: Raumbedarf (Standardwert / Nachweis) | C39: m³ | D39: =IF(ISERROR(VLOOKUP(System_1,Raumbedarf_ref,2,FALSE)),"",ROUND(VLOOKUP(System_1,Raumbedarf_ref,2,FALSE),0)) | F39: =IF(ISERROR(VLOOKUP(System_1b,Raumbedarf_ref,2,FALSE)),"",ROUND(VLOOKUP(System_1b,Raumbedarf_ref,2,FALSE),0)) | H39: =IF(ISERROR(VLOOKUP(System_2,Raumbedarf_ref,2,FALSE)),"",ROUND(VLOOKUP(System_2,Raumbedarf_ref,2,FALSE),0)) | J39: =IF(ISERROR(VLOOKUP(System_3,Raumbedarf_ref,2,FALSE)),"",ROUND(VLOOKUP(System_3,Raumbedarf_ref,2,FALSE),0)) | L39: =IF(ISERROR(VLOOKUP(System_4,Raumbedarf_ref,2,FALSE)),"",ROUND(VLOOKUP(System_4,Raumbedarf_ref,2,FALSE),0)) | O39: Manuelle Eingabe mit separatem Nachweis belegen, ohne Eingabe wird mit Standard-Wert gerechnet.
A40: 5.2 | B40: Spezifische Raumkosten | C40: Fr./m³ | D40: =IF(D27=""," ",Spez_Raumkosten) | F40: =IF(F27=""," ",Spez_Raumkosten) -> 300 | H40: =IF(H27=""," ",Spez_Raumkosten) -> 300 | J40: =IF(J27=""," ",Spez_Raumkosten) -> 300 | L40: =IF(L27=""," ",Spez_Raumkosten) -> 300
A41: 5.3 | B41: Total Raumkosten | C41: Fr. | D41: =IF(ISERROR(IF(E39<>"",E39*D40,D39*D40))," ",IF(E39<>"",E39*D40,D39*D40)) | F41: =IF(ISERROR(IF(G39<>"",G39*F40,F39*F40))," ",IF(G39<>"",G39*F40,F39*F40)) | H41: =IF(ISERROR(IF(I39<>"",I39*H40,H39*H40))," ",IF(I39<>"",I39*H40,H39*H40)) | J41: =IF(ISERROR(IF(K39<>"",K39*J40,J39*J40))," ",IF(K39<>"",K39*J40,J39*J40)) | L41: =IF(ISERROR(IF(M39<>"",M39*L40,L39*L40))," ",IF(M39<>"",M39*L40,L39*L40))
A42: 6 | B42: Jährliche Wartung und Unterhalt
A43: 6.1 | B43: Kosten (Standardwert / Nachweis) | C43: Fr. | D43: =IF(ISERROR((SUM(D32:E34)+IF(E31=" ",D31,E31))/100*VLOOKUP(System_1,Wartung_Unterhalt_ref,5,FALSE))," ",(SUM(D32:E34)+IF(E31=" ",D31,E31))/100*VLOOKUP(System_1,Wartung_Unterhalt_ref,5,FALSE)) | F43: =IF(ISERROR((SUM(F32:G34)+IF(G31=" ",F31,G31))/100*VLOOKUP(System_1b,Wartung_Unterhalt_ref,5,FALSE))," ",(SUM(F32:G34)+IF(G31=" ",F31,G31))/100*VLOOKUP(System_1b,Wartung_Unterhalt_ref,5,FALSE)) -> 438 | H43: =IF(ISERROR((SUM(H32:I34)+IF(I31=" ",H31,I31))/100*VLOOKUP(System_2,Wartung_Unterhalt_ref,5,FALSE))," ",(SUM(H32:I34)+IF(I31=" ",H31,I31))/100*VLOOKUP(System_2,Wartung_Unterhalt_ref,5,FALSE)) -> -368 | J43: =IF(ISERROR((SUM(J32:K34)+IF(K31=" ",J31,K31))/100*VLOOKUP(System_3,Wartung_Unterhalt_ref,5,FALSE))," ",(SUM(J32:K34)+IF(K31=" ",J31,K31))/100*VLOOKUP(System_3,Wartung_Unterhalt_ref,5,FALSE)) -> -780 | L43: =IF(ISERROR((SUM(L31:M34)-L29*1000)/100*VLOOKUP(L20,Wartung_Unterhalt_ref,5,FALSE))," ",(SUM(L31:M34)-L29*1000)/100*VLOOKUP(L20,Wartung_Unterhalt_ref,5,FALSE)) -> 960 | O43: Manuelle Eingabe mit separatem Nachweis belegen, ohne Eingabe wird mit Standard-Wert gerechnet.
A44: 7 | B44: Berechnungsgrundlagen
A45: 7.1 | B45: Betrachtungsdauer | C45: Jahre | D45: =IF(D27=0," ",Berechnungsgrundlagen!$C$110) -> 20 | H45: =IF(H27=0," ",Berechnungsgrundlagen!$C$110) -> 20 | J45: =IF(J27=0," ",Berechnungsgrundlagen!$C$110) -> 20 | L45: =IF(L27=0," ",Berechnungsgrundlagen!$C$110) -> 20
A46: 7.1 | B46: Kalkulationszinssatz | C46: % | D46: =IF(D27=""," ",Berechnungsgrundlagen!$C$114*100) | F46: =IF(F27=""," ",Berechnungsgrundlagen!$C$114*100) -> 1.25 | H46: =IF(H27=""," ",Berechnungsgrundlagen!$C$114*100) -> 1.25 | J46: =IF(J27=""," ",Berechnungsgrundlagen!$C$114*100) -> 1.25 | L46: =IF(L27=""," ",Berechnungsgrundlagen!$C$114*100) -> 1.25
A47: 7.3 | B47: Kostensteigerung Energiepreise | C47: % | D47: =IF(D27=0," ",Berechnungsgrundlagen!$C$115*100) -> 0 | H47: =IF(H27=0," ",Berechnungsgrundlagen!$C$115*100) -> 0 | J47: =IF(J27=0," ",Berechnungsgrundlagen!$C$115*100) -> 0 | L47: =IF(L27=0," ",Berechnungsgrundlagen!$C$115*100) -> 0
A48: 7.4 | B48: Kostensteigerung Wartung und Unterhalt | C48: % | D48: =IF(D27=0," ",Berechnungsgrundlagen!$C$117*100) -> 0 | H48: =IF(H27=0," ",Berechnungsgrundlagen!$C$117*100) -> 0 | J48: =IF(J27=0," ",Berechnungsgrundlagen!$C$117*100) -> 0 | L48: =IF(L27=0," ",Berechnungsgrundlagen!$C$117*100) -> 0
A49: 8 | B49: Jahreskosten
A50: 8.1 | B50: Energiekosten | C50: Fr. | D50: =IF(D27=0," ",IF(ISERROR(SUM(D25*Berechnungsgrundlagen!$C$122))," ",(SUM(D25*Berechnungsgrundlagen!$C$122)))) | F50: =IF(F27=0," ",IF(ISERROR(SUM(F25*Berechnungsgrundlagen!$C$122))," ",(SUM(F25*Berechnungsgrundlagen!$C$122)))) | H50: =IF(H27=0," ",IF(ISERROR(SUM(H25*Berechnungsgrundlagen!$C$122))," ",(SUM(H25*Berechnungsgrundlagen!$C$122)))) | J50: =IF(J27=0," ",IF(ISERROR(SUM(J25*Berechnungsgrundlagen!$C$122))," ",(SUM(J25*Berechnungsgrundlagen!$C$122)))) | L50: =IF(L27=0," ",IF(ISERROR(SUM(L25*Berechnungsgrundlagen!$C$122))," ",(SUM(L25*Berechnungsgrundlagen!$C$122))))
A51: 8.2 | B51: Wartung und Unterhalt | C51: Fr. | D51: =IF(ISERROR(IF(E43<>"",E43,D43)*Berechnungsgrundlagen!$C$126)," ",IF(E43<>"",E43,D43)*Berechnungsgrundlagen!$C$126) | F51: =IF(ISERROR(IF(G43<>"",G43,F43)*Berechnungsgrundlagen!$C$126)," ",IF(G43<>"",G43,F43)*Berechnungsgrundlagen!$C$126) -> 438 | H51: =IF(ISERROR(IF(I43<>"",I43,H43)*Berechnungsgrundlagen!$C$126)," ",IF(I43<>"",I43,H43)*Berechnungsgrundlagen!$C$126) -> -368 | J51: =IF(ISERROR(IF(K43<>"",K43,J43)*Berechnungsgrundlagen!$C$126)," ",IF(K43<>"",K43,J43)*Berechnungsgrundlagen!$C$126) -> -780 | L51: =IF(ISERROR(IF(M43<>"",M43,L43)*Berechnungsgrundlagen!$C$126)," ",IF(M43<>"",M43,L43)*Berechnungsgrundlagen!$C$126) -> 960
A52: 8.3 | B52: Kapitalkosten | C52: Fr. | D52: =IF(Berechnungsgrundlagen!C137=0," ",Berechnungsgrundlagen!C137) | F52: =IF(Berechnungsgrundlagen!D137=0," ",Berechnungsgrundlagen!D137) -> 2488.7331 | H52: =IF(Berechnungsgrundlagen!E137=0," ",Berechnungsgrundlagen!E137) -> -1644.0905 | J52: =IF(Berechnungsgrundlagen!F137=0," ",Berechnungsgrundlagen!F137) -> -1477.3301 | L52: =IF(Berechnungsgrundlagen!G137=0," ",Berechnungsgrundlagen!G137) -> 2727.3787
A53: 8.4 | B53: Total Jahreskosten | C53: Fr. | D53: =IF(ISERROR(SUM(D50:D52))," ",IF(SUM(D50:D52)=0," ",SUM(D50:D52))) | F53: =IF(ISERROR(SUM(F50:F52))," ",IF(SUM(F50:F52)=0," ",SUM(F50:F52))) -> 2926.7331 | H53: =IF(ISERROR(SUM(H50:H52))," ",IF(SUM(H50:H52)=0," ",SUM(H50:H52))) -> -2012.0905 | J53: =IF(ISERROR(SUM(J50:J52))," ",IF(SUM(J50:J52)=0," ",SUM(J50:J52))) -> -2257.3301 | L53: =IF(ISERROR(SUM(L50:L52))," ",IF(SUM(L50:L52)=0," ",SUM(L50:L52))) -> 3687.3787
A55: 9 | B55: Ergebnis
A56: 9.1 | B56: Mittl. Wärmegestehungskosten (Nutzenergie) | C56: Rp/kWh | D56: =IF(ISERROR(D53/IF(NEB_manuell<>"",NEB_manuell,NEB)*100),"",D53/IF(NEB_manuell<>"",NEB_manuell,NEB)*100) | F56: =IF(ISERROR(F53/IF(NEB_manuell<>"",NEB_manuell,NEB)*100),"",F53/IF(NEB_manuell<>"",NEB_manuell,NEB)*100) | H56: =IF(ISERROR(H53/IF(NEB_manuell<>"",NEB_manuell,NEB)*100),"",H53/IF(NEB_manuell<>"",NEB_manuell,NEB)*100) | J56: =IF(ISERROR(J53/IF(NEB_manuell<>"",NEB_manuell,NEB)*100),"",J53/IF(NEB_manuell<>"",NEB_manuell,NEB)*100) | L56: =IF(ISERROR(L53/IF(NEB_manuell<>"",NEB_manuell,NEB)*100),"",L53/IF(NEB_manuell<>"",NEB_manuell,NEB)*100)
A57: 9.2 | B57: Vergleich | C57: % | D57: =IFERROR(D56/L56,"") | F57: =IFERROR(F56/L56,"") | H57: =IFERROR(H56/L56,"") | J57: =IFERROR(J56/L56,"") | L57: 1
A58: 9.3 | B58: Fossile Anlage zulässig | L58: =IF(MIN(D57:K57)<=1.1,"NEIN","JA") -> NEIN
B60: Unterschriften | C60: Nachweis erarbeitet durch | H60: Nachweisprüfung / Private Kontrolle
B62: Name und Adresse bzw. Firmenstempel
B64: Ort, Datum, Unterschrift
B67: =TODAY() -> 46295

Sheet Bild_Heizkosten
A1: Heizkosten | B1: Sys1 | C1: Sys2 | D1: Sys3 | E1: Sys4 | F1: Sys5
A2: Heizsystem | B2: =System_1 | C2: =IF(System_1b<>0,System_1b,"") -> WP-Luft (a) | D2: =IF(System_2<>0,System_2,"") -> WP-Sonde | E2: =System_3 -> Holz-Pellets | F2: =IF(System_4<>0,System_4,"") -> Oelheizung
A3: Energiekosten | B3: =Berechnung!D50 | C3: =Berechnung!F50 | D3: =Berechnung!H50 | E3: =Berechnung!J50 | F3: =Berechnung!L50
A4: Wartung und Unterhalt | B4: =Berechnung!D51 | C4: =Berechnung!F51 -> 438 | D4: =Berechnung!H51 -> -368 | E4: =Berechnung!J51 -> -780 | F4: =Berechnung!L51 -> 960
A5: Kapitalkosten | B5: =Berechnung!D52 | C5: =Berechnung!F52 -> 2488.7331 | D5: =Berechnung!H52 -> -1644.0905 | E5: =Berechnung!J52 -> -1477.3301 | F5: =Berechnung!L52 -> 2727.3787
A6: Total | B6: =IF(SUM(B3:B5)<>0,SUM(B3:B5),"") | C6: =IF(SUM(C3:C5)<>0,SUM(C3:C5),"") -> 2926.7331 | D6: =IF(SUM(D3:D5)<>0,SUM(D3:D5),"") -> -2012.0905 | E6: =IF(SUM(E3:E5)<>0,SUM(E3:E5),"") -> -2257.3301 | F6: =IF(System_4<>0,SUM(F3:F5),"") -> 3687.3787
E7: =IF(Berechnung!#REF!=1,Berechnung!J53,Berechnung!L53) -> #REF!
A8: 110% - Wert | B8: =1.1*$F$6 -> 4056.1166 | C8: =B8 -> 4056.1166 | D8: =C8 -> 4056.1166 | E8: =D8 -> 4056.1166 | F8: =E8 -> 4056.1166

Sheet GWR
A1: Webseite GWR | B1: =IF(Berechnung!C6="","",_xlfn.WEBSERVICE(CONCATENATE("https://api3.geo.admin.ch/rest/services/api/SearchServer?searchText=" & Berechnung!C6 & "&origins=address&type=locations")))
A2: Resultat | B2: =IF($B1="","",IF(ISNUMBER(SEARCH("[]",$B1)),"Adresse nicht eindeutig","Gebäude gefunden"))
A3: EGID_EDID | B3: =IF($B1="","",IF(ISNUMBER(SEARCH("[]",$B1))," ",MID($B1,SEARCH("featureId",$B1)+12,SEARCH(",""geom_quadindex"":",$B1)-SEARCH("featureId",$B1)-13))) | C3: =VALUE(MID(B3,1,FIND("_",B3,1)-1)) -> #VALUE! | D3: =VALUE(MID(B3,FIND("_",B3,1)+1,3)) -> #VALUE!
A5: Gebäudeinformationen | B5: =IF(ISERROR(C3),"",CONCATENATE(_xlfn.WEBSERVICE("https://api3.geo.admin.ch/rest/services/api/MapServer/find?layer=ch.bfs.gebaeude_wohnungs_register&searchText="&C3&"&searchField=egid&returnGeometry=false&contains=false")))
A6: Gebäudeinformationen bereinigt | B6: =SUBSTITUTE(B5,"""","")
B8: Übersetzung | C8: Resultat Text | D8: Resultat (code) | E8: Variabel
A9: EBF | B9: =C9 -> #VALUE! | C9: =D9 -> #VALUE! | D9: =MID(B6,SEARCH("gebf:",B6)+6,SEARCH(", gwaerzh1",B6)-SEARCH("gebf:",B6)-6) -> #VALUE! | E9: GEBF
A10: Wärmeerzeuger Heizung 1 | B10: =C10 -> #VALUE! | C10: =IF(D10="null","keine Angaben",VLOOKUP(_xlfn.NUMBERVALUE(D10),Table24[],2,FALSE)) -> #VALUE! | D10: =MID(B6,SEARCH("gwaerzh1: ",B6)+10,SEARCH(", genh1",B6)-SEARCH("gwaerzh1: ",B6)-10) -> #VALUE! | E10: GWAERZH1
A11: Energie-/Wärmequelle 1 | B11: =IF(C11="keine Angaben",C11,VLOOKUP(C11,Table2[[Quelle]:[Heizsystem (Übersetzung)]],2,FALSE)) -> #VALUE! | C11: =IF(D11="null","keine Angaben",VLOOKUP(_xlfn.NUMBERVALUE(D11),Table2[],2,FALSE)) -> #VALUE! | D11: =MID(B6,SEARCH("genh1: ",B6)+7,SEARCH(", gwaersceh1",B6)-SEARCH("genh1: ",B6)-7) -> #VALUE! | E11: GENH1
A12: Wärmeerzeuger Warmwasser 1 | B12: =C12 -> #VALUE! | C12: =IF(D12="null","keine Angaben",VLOOKUP(_xlfn.NUMBERVALUE(D12),Table242[],2,FALSE)) -> #VALUE! | D12: =MID(B6,SEARCH("gwaerzw1: ",B6)+10,SEARCH(", genw1",B6)-SEARCH("gwaerzw1: ",B6)-10) -> #VALUE! | E12: GWAERZW1
A13: Energie-/Wärmequelle Warmwasser 1 | B13: =IF(C13="keine Angaben",C13,VLOOKUP(C13,Table2[[Quelle]:[Heizsystem (Übersetzung)]],2,FALSE)) -> #VALUE! | C13: =IF(D13="null","keine Angaben",VLOOKUP(_xlfn.NUMBERVALUE(D13),Table2[],2,FALSE)) -> #VALUE! | D13: =MID(B6,SEARCH("genw1: ",B6)+7,SEARCH(", gwaerscew1",B6)-SEARCH("genw1: ",B6)-7) -> #VALUE! | E13: GENW1
A14: Wärmeerzeuger Heizung 2 | B14: =C14 -> #VALUE! | C14: =IF(D14="null","keine Angaben",VLOOKUP(_xlfn.NUMBERVALUE(D14),Table24[],2,FALSE)) -> #VALUE! | D14: =MID(B6,SEARCH("gwaerzh2: ",B6)+10,SEARCH(", genh2",B6)-SEARCH("gwaerzh2: ",B6)-10) -> #VALUE! | E14: GWAERZH2
A15: Energie-/Wärmequelle 2 | B15: =IF(C15="keine Angaben",C15,VLOOKUP(C15,Table2[[Quelle]:[Heizsystem (Übersetzung)]],2,FALSE)) -> #VALUE! | C15: =IF(D15="null","keine Angaben",VLOOKUP(_xlfn.NUMBERVALUE(D15),Table2[],2,FALSE)) -> #VALUE! | D15: =MID(B6,SEARCH("genh2: ",B6)+7,SEARCH(", gwaersceh2",B6)-SEARCH("genh2: ",B6)-7) -> #VALUE! | E15: GENH2
A16: Wärmeerzeuger Warmwasser 2 | B16: =C16 -> #VALUE! | C16: =IF(D16="null","keine Angaben",VLOOKUP(_xlfn.NUMBERVALUE(D16),Table242[],2,FALSE)) -> #VALUE! | D16: =MID(B6,SEARCH("gwaerzw2: ",B6)+10,SEARCH(", genw2",B6)-SEARCH("gwaerzw2: ",B6)-10) -> #VALUE! | E16: GWAERZW2
A17: Wärmeerzeuger Warmwasser 2 | B17: =IF(C17="keine Angaben",C17,VLOOKUP(C17,Table2[[Quelle]:[Heizsystem (Übersetzung)]],2,FALSE)) -> #VALUE! | C17: =IF(D17="null","keine Angaben",VLOOKUP(_xlfn.NUMBERVALUE(D17),Table2[],2,FALSE)) -> #VALUE! | D17: =MID(B6,SEARCH("genw2: ",B6)+7,SEARCH(", gwaerscew2",B6)-SEARCH("genw2: ",B6)-7) -> #VALUE! | E17: GENW2
A19: Bemerkung: Die Ergebnisse in der oberen Tabelle sind nur Richtwerte. Die Übersetzung der Energie-/Wärmequellen kann unten nachgelesen werden.
A21: Wärmeerzeuger Heizung | D21: Energie-/Wärmequelle Heizung/Warmwasser
A22: Code | B22: Wärmeerzeuger | D22: Code | E22: Quelle | F22: Heizsystem (Übersetzung)
A23: 7400 | B23: Kein Wärmeerzeuger | D23: 7500 | E23: Keine | F23: Keine
A24: 7410 | B24: Wärmepumpe für ein Gebäude | D24: 7501 | E24: Luft | F24: Luft-Wasser Wärmepumpe
A25: 7411 | B25: Wärmepumpe für mehrere Gebäude | D25: 7510 | E25: Erdwärme (generisch) | F25: Sole-Wasser Wärmepumpe
A26: 7420 | B26: Thermische Solaranlage für ein Gebäude | D26: 7511 | E26: Erdwärmesonde | F26: Sole-Wasser Wärmepumpe
A27: 7421 | B27: Thermische Solaranlage für mehrere Gebäude | D27: 7512 | E27: Erdregister | F27: Sole-Wasser Wärmepumpe
A28: 7430 | B28: Heizkessel (generisch) für ein Gebäude | D28: 7513 | E28: Wasser (Grundwasser, Oberflächenwasser, Abwasser) | F28: Luft-Luft Wärmepumpe
A29: 7431 | B29: Heizkessel (generisch) für mehrere Gebäude | D29: 7520 | E29: Gas | F29: Gasheizung
A30: 7432 | B30: Heizkessel nicht kondensierend für ein Gebäude | D30: 7530 | E30: Heizöl | F30: Ölheizung
A31: 7433 | B31: Heizkessel nicht kondensierend für mehrere Gebäude | D31: 7540 | E31: Holz (generisch) | F31: Holzheizung
A32: 7434 | B32: Heizkessel kondensierend für ein Gebäude | D32: 7541 | E32: Holz (Stückholz) | F32: Stückholzheizung
A33: 7435 | B33: Heizkessel kondensierend für mehrere Gebäude | D33: 7542 | E33: Holz (Pellets) | F33: Pelletsheizung
A34: 7436 | B34: Ofen | D34: 7543 | E34: Holz (Schnitzel) | F34: Schnitzelheizung
... A42: 7499 | B42: Andere | D42: 7599 | E42: Andere | F42: Andere
A44: Wärmeerzeuger Warmwasser
A45: Code | B45: Wärmeerzeuger
A46: 7600 | B46: Kein Wärmeerzeuger
A47: 7610 | B47: Wärmepumpe
A48: 7620 | B48: Thermische Solaranlage
A49: 7630 | B49: Heizkessel (generisch)
A50: 7632 | B50: Heizkessel nicht kondensierend
A51: 7634 | B51: Heizkessel kondensierend
A52: 7640 | B52: Wärmekraftkopplungsanlage
A53: 7650 | B53: Zentraler Elektroboiler
A54: 7651 | B54: Kleinboiler
A55: 7660 | B55: Wärmetauscher (einschliesslich für Fernwärme)
A56: 7699 | B56: Andere

Sheet Berechnungsgrundlagen
A1: 1.1/1.5 | B1: 1.1 Gebäudekategorien | C1: 1.2 Stromverbrauchsprofil | D1: 1.5 Warmwasserbedarf nach SIA380/1 [kWh/m2a]
B3: 01 Wohnen MFH | C3: H7 | D3: 21
B4: 02 Wohnen EFH | C4: H6 | D4: 14
B5: 03 Verwaltung | C5: C3 | D5: 7
B6: 04 Schulen | C6: C3 | D6: 7
B7: 05 Verkauf | C7: C3 | D7: 7
B8: 06 Restaurants | C8: C3 | D8: 56
B9: 07 Versammlungslokale | C9: C3 | D9: 14
B10: 08 Spitäler | C10: C3 | D10: 28
B11: 09 Industrie | C11: C3 | D11: 7
B12: 10 Lager | C12: C3 | D12: 1
B13: 11 Sportbauten | C13: C3 | D13: 83
B14: 12 Hallenbäder | C14: C3 | D14: 83
A16: 1.6 | B16: Nutzenergiebedarf
B17: Heizgradtage Uri Altdorf (Klimastation SMA, MeteoSchweiz) | C17: 2951 | D17: HGT
B18: Betriebszeit | C18: 18 | D18: h/d
B19: Ti | C19: 20 | D19: °C
B20: Ta | C20: -6 | D20: °C
A22: 1.7 | B22: Anschluss an Fernwärme
B24: Ja
B25: Nein
A27: 1.8 | B27: Fernwärme Anbieter
B28: Heizwerk A
B29: Heizwerk B
B30: Heizwerk C
A33: 1.8 | B33: Art de Bauvorhabens
B35: Neubau
B36: Umbau
A38: 2 | B38: Heizungssysteme
B40: WP-Luft (a)
B41: WP-Luft (i)
B42: WP-Sonde
B43: WP-Wasser
B44: Holz-Pellets
B45: Holz-Schnitzel
B46: Stückholzheizung
B47: Oelheizung
B48: Gasheizung
A50: 2.1/2.3/6.1 | B50: 2. Heizungssysteme | C50: 2.1 Nutzungsgrad / JAZ | D50: 2.1 Nutzungsgrad / JAZ Maximal | E50: 2.3 Energiepreise [Rp/kWh] | F50: 6.1 Wartung und Unterhalt [%]
B51: Fernwärme | C51: =VLOOKUP(B51,Nutzungsgrad_Tabelle,4,FALSE) -> 1 | D51: =VLOOKUP(B51,Nutzungsgrad_Tabelle,5,FALSE) -> 1 | E51: FEHLER | F51: 1
B52: WP-Luft (a) | C52: =VLOOKUP(B52,Nutzungsgrad_Tabelle,4,FALSE) -> 2.5 | D52: =VLOOKUP(B52,Nutzungsgrad_Tabelle,5,FALSE) -> 6 | E52: =VLOOKUP(IF(Berechnung!L12="",Berechnung!J12,Berechnung!L12),Strompreis_ref,3) -> #N/A | F52: 1
B53: WP-Luft (i) | C53: =VLOOKUP(B53,Nutzungsgrad_Tabelle,4,FALSE) -> 2.5 | D53: =VLOOKUP(B53,Nutzungsgrad_Tabelle,5,FALSE) -> 6 | E53: =VLOOKUP(IF(Berechnung!L12="",Berechnung!J12,Berechnung!L12),Strompreis_ref,3) -> #N/A | F53: 1
B54: WP-Sonde | C54: =VLOOKUP(B54,Nutzungsgrad_Tabelle,4,FALSE) -> 3.5 | D54: =VLOOKUP(B54,Nutzungsgrad_Tabelle,5,FALSE) -> 10 | E54: =VLOOKUP(IF(Berechnung!L12="",Berechnung!J12,Berechnung!L12),Strompreis_ref,3) -> #N/A | F54: 1
B55: WP-Wasser | C55: =VLOOKUP(B55,Nutzungsgrad_Tabelle,4,FALSE) -> 3.5 | D55: =VLOOKUP(B55,Nutzungsgrad_Tabelle,5,FALSE) -> 10 | E55: =VLOOKUP(IF(Berechnung!L12="",Berechnung!J12,Berechnung!L12),Strompreis_ref,3) -> #N/A | F55: 1
B56: Holz-Pellets | C56: =VLOOKUP(B56,Nutzungsgrad_Tabelle,4,FALSE) -> 0.85 | D56: =VLOOKUP(B56,Nutzungsgrad_Tabelle,5,FALSE) -> 0.9 | E56: ='2.3 Energiepreise'!D52 -> 10.425542 | F56: 3
B57: Holz-Schnitzel | C57: =VLOOKUP(B57,Nutzungsgrad_Tabelle,4,FALSE) -> 0.75 | D57: =VLOOKUP(B57,Nutzungsgrad_Tabelle,5,FALSE) -> 0.9 | E57: ='2.3 Energiepreise'!D59 -> 7.5421548 | F57: 3
B58: Stückholzheizung | C58: =VLOOKUP(B58,Nutzungsgrad_Tabelle,4,FALSE) -> 0.75 | D58: =VLOOKUP(B58,Nutzungsgrad_Tabelle,5,FALSE) -> 0.9 | E58: ='2.3 Energiepreise'!E63 -> 3.8693667 | F58: 3
B59: Oelheizung | C59: =VLOOKUP(B59,Nutzungsgrad_Tabelle,4,FALSE) -> 0.85 | D59: =VLOOKUP(B59,Nutzungsgrad_Tabelle,5,FALSE) -> 0.92 | E59: ='2.3 Energiepreise'!D71 -> 11.889134 | F59: 2
B60: Gasheizung | C60: =VLOOKUP(B60,Nutzungsgrad_Tabelle,4,FALSE) -> 0.85 | D60: =VLOOKUP(B60,Nutzungsgrad_Tabelle,5,FALSE) -> 0.95 | E60: ='2.3 Energiepreise'!D77*100 -> 748.21756 | F60: 2
B61: WP-Absorpt. | C61: ='2.1 Nutzungsgrad'!E7 -> 0.85 | D61: ='2.1 Nutzungsgrad'!F7 -> 0.95 | E61: ='2.3 Energiepreise'!D77*100 -> 748.21756 | F61: 2
B62: WP-Zeolyth | C62: ='2.1 Nutzungsgrad'!E7 -> 0.85 | D62: ='2.1 Nutzungsgrad'!F7 -> 0.95 | E62: ='2.3 Energiepreise'!D77*100 -> 748.21756 | F62: 2
A64: 2.3 | B64: Energiepreise Fernwärme [Rp/kWh]
B65: =B28 -> Heizwerk A | C65: 10
B66: =B29 -> Heizwerk B | C66: 10
B67: =B30 -> Heizwerk C | C67: 10
A69: 3 | B69: Investitionskosten | C69: 3.1 Technik (gerundet auf Tsd) | D69: 3.1 Bauliches (gerundet auf Tsd) | E69: 3.2 Honorare (gerundet auf Tsd) | F69: 4.1 Erdwärmesonde / Elektrozuleitung / Anschluss Fernwärme (gerundet auf Tsd)
B70: Fernwärme | C70: =ROUND(IF(Heizleistungsbedarf<8,INDEX(Fernwärme_Invest_ref,1,3),IF(Heizleistungsbedarf<29,INDEX(Fernwärme_Invest_ref,2,3),IF(Heizleistungsbedarf<69,INDEX(Fernwärme_Invest_ref,3,3),IF(Heizleistungsbedarf<191,INDEX(Fernwärme_Invest_ref,4,3),IF(Heizleistungsbedarf>190,INDEX(Fernwärme_Invest_ref,5,3)))))),-3) -> 22000 | D70: =ROUND(IF(Heizleistungsbedarf<8,INDEX(Fernwärme_Invest_ref,1,4),IF(Heizleistungsbedarf<29,INDEX(Fernwärme_Invest_ref,2,4),IF(Heizleistungsbedarf<69,INDEX(Fernwärme_Invest_ref,3,4),IF(Heizleistungsbedarf<191,INDEX(Fernwärme_Invest_ref,4,4),IF(Heizleistungsbedarf>190,INDEX(Fernwärme_Invest_ref,5,4)))))),-3) -> 0 | E70: =ROUND(IF(Heizleistungsbedarf<8,INDEX(Fernwärme_Invest_ref,1,5),IF(Heizleistungsbedarf<29,INDEX(Fernwärme_Invest_ref,2,5),IF(Heizleistungsbedarf<69,INDEX(Fernwärme_Invest_ref,3,5),IF(Heizleistungsbedarf<191,INDEX(Fernwärme_Invest_ref,4,5),IF(Heizleistungsbedarf>190,INDEX(Fernwärme_Invest_ref,5,5)))))),-3) -> 8000 | F70: =ROUND(IF(Heizleistungsbedarf<8,INDEX(Fernwärme_Invest_ref,1,6),IF(Heizleistungsbedarf<29,INDEX(Fernwärme_Invest_ref,2,6),IF(Heizleistungsbedarf<69,INDEX(Fernwärme_Invest_ref,3,6),IF(Heizleistungsbedarf<191,INDEX(Fernwärme_Invest_ref,4,6),IF(Heizleistungsbedarf>190,INDEX(Fernwärme_Invest_ref,5,6)))))),-3) -> 26000 | G70: Preise für Fernwärme EKZ
B71: WP-Luft (a) | C71: =ROUND(IF(Heizleistungsbedarf<8,INDEX(WPLuft_Invest_ref,1,3),IF(Heizleistungsbedarf<29,INDEX(WPLuft_Invest_ref,2,3),IF(Heizleistungsbedarf<69,INDEX(WPLuft_Invest_ref,3,3),IF(Heizleistungsbedarf<191,INDEX(WPLuft_Invest_ref,4,3),IF(Heizleistungsbedarf>190,INDEX(WPLuft_Invest_ref,5,3)))))),-3) -> 29000 | D71: =ROUND(IF(Heizleistungsbedarf<8,INDEX(WPLuft_Invest_ref,1,4),IF(Heizleistungsbedarf<29,INDEX(WPLuft_Invest_ref,2,4),IF(Heizleistungsbedarf<69,INDEX(WPLuft_Invest_ref,3,4),IF(Heizleistungsbedarf<191,INDEX(WPLuft_Invest_ref,4,4),IF(Heizleistungsbedarf>190,INDEX(WPLuft_Invest_ref,5,4)))))),-3) -> 3000 | E71: =ROUND(IF(Heizleistungsbedarf<8,INDEX(WPLuft_Invest_ref,1,5),IF(Heizleistungsbedarf<29,INDEX(WPLuft_Invest_ref,2,5),IF(Heizleistungsbedarf<69,INDEX(WPLuft_Invest_ref,3,5),IF(Heizleistungsbedarf<191,INDEX(WPLuft_Invest_ref,4,5),IF(Heizleistungsbedarf>190,INDEX(WPLuft_Invest_ref,5,5)))))),-3) -> 15000 | F71: =ROUND(IF(Heizleistungsbedarf<8,INDEX(WPLuft_Invest_ref,1,6),IF(Heizleistungsbedarf<29,INDEX(WPLuft_Invest_ref,2,6),IF(Heizleistungsbedarf<69,INDEX(WPLuft_Invest_ref,3,6),IF(Heizleistungsbedarf<191,INDEX(WPLuft_Invest_ref,4,6),IF(Heizleistungsbedarf>190,INDEX(WPLuft_Invest_ref,5,6)))))),-3) -> 0
B72: WP-Luft (i) | C72: =ROUND(IF(Heizleistungsbedarf<8,INDEX(WPLufti_Invest_ref,1,3),IF(Heizleistungsbedarf<29,INDEX(WPLufti_Invest_ref,2,3),IF(Heizleistungsbedarf<69,INDEX(WPLufti_Invest_ref,3,3),IF(Heizleistungsbedarf<191,INDEX(WPLufti_Invest_ref,4,3),IF(Heizleistungsbedarf>190,INDEX(WPLufti_Invest_ref,5,3)))))),-3) -> 36000 | D72: =ROUND(IF(Heizleistungsbedarf<8,INDEX(WPLufti_Invest_ref,1,4),IF(Heizleistungsbedarf<29,INDEX(WPLufti_Invest_ref,2,4),IF(Heizleistungsbedarf<69,INDEX(WPLufti_Invest_ref,3,4),IF(Heizleistungsbedarf<191,INDEX(WPLufti_Invest_ref,4,4),IF(Heizleistungsbedarf>190,INDEX(WPLufti_Invest_ref,5,4)))))),-3) -> 10000 | E72: =ROUND(IF(Heizleistungsbedarf<8,INDEX(WPLufti_Invest_ref,1,5),IF(Heizleistungsbedarf<29,INDEX(WPLufti_Invest_ref,2,5),IF(Heizleistungsbedarf<69,INDEX(WPLufti_Invest_ref,3,5),IF(Heizleistungsbedarf<191,INDEX(WPLufti_Invest_ref,4,5),IF(Heizleistungsbedarf>190,INDEX(WPLufti_Invest_ref,5,5)))))),-3) -> 18000 | F72: =IF(Heizleistungsbedarf<8,INDEX(WPLufti_Invest_ref,1,6),IF(Heizleistungsbedarf<29,INDEX(WPLufti_Invest_ref,2,6),IF(Heizleistungsbedarf<69,INDEX(WPLufti_Invest_ref,3,6),IF(Heizleistungsbedarf<191,INDEX(WPLufti_Invest_ref,4,6),IF(Heizleistungsbedarf>190,INDEX(WPLufti_Invest_ref,5,6)))))) -> 0
B73: WP-Sonde | C73: =ROUND(IF(Heizleistungsbedarf<8,INDEX(WPSonde_Invest_ref,1,3),IF(Heizleistungsbedarf<29,INDEX(WPSonde_Invest_ref,2,3),IF(Heizleistungsbedarf<69,INDEX(WPSonde_Invest_ref,3,3),IF(Heizleistungsbedarf<191,INDEX(WPSonde_Invest_ref,4,3),IF(Heizleistungsbedarf>190,INDEX(WPSonde_Invest_ref,5,3)))))),-3) -> 29000 | D73: =ROUND(IF(Heizleistungsbedarf<8,INDEX(WPSonde_Invest_ref,1,4),IF(Heizleistungsbedarf<29,INDEX(WPSonde_Invest_ref,2,4),IF(Heizleistungsbedarf<69,INDEX(WPSonde_Invest_ref,3,4),IF(Heizleistungsbedarf<191,INDEX(WPSonde_Invest_ref,4,4),IF(Heizleistungsbedarf>190,INDEX(WPSonde_Invest_ref,5,4)))))),-3) -> 1000 | E73: =ROUND(IF(Heizleistungsbedarf<8,INDEX(WPSonde_Invest_ref,1,5),IF(Heizleistungsbedarf<29,INDEX(WPSonde_Invest_ref,2,5),IF(Heizleistungsbedarf<69,INDEX(WPSonde_Invest_ref,3,5),IF(Heizleistungsbedarf<191,INDEX(WPSonde_Invest_ref,4,5),IF(Heizleistungsbedarf>190,INDEX(WPSonde_Invest_ref,5,5)))))),-3) -> 18000 | F73: =ROUND(IF(Heizleistungsbedarf<8,INDEX(WPSonde_Invest_ref,1,6),IF(Heizleistungsbedarf<29,INDEX(WPSonde_Invest_ref,2,6),IF(Heizleistungsbedarf<69,INDEX(WPSonde_Invest_ref,3,6),IF(Heizleistungsbedarf<191,INDEX(WPSonde_Invest_ref,4,6),IF(Heizleistungsbedarf>190,INDEX(WPSonde_Invest_ref,5,6)))))),-3) -> 14000
B74: WP-Wasser | C74: =D84 -> 0 | D74: =ROUND(IF(Heizleistungsbedarf<8,INDEX(WPWasser_Invest_ref,1,4),IF(Heizleistungsbedarf<29,INDEX(WPWasser_Invest_ref,2,4),IF(Heizleistungsbedarf<69,INDEX(WPWasser_Invest_ref,3,4),IF(Heizleistungsbedarf<191,INDEX(WPWasser_Invest_ref,4,4),IF(Heizleistungsbedarf>190,INDEX(WPWasser_Invest_ref,5,4)))))),-3) -> #VALUE! | E74: =ROUND(IF(Heizleistungsbedarf<8,INDEX(WPWasser_Invest_ref,1,5),IF(Heizleistungsbedarf<29,INDEX(WPWasser_Invest_ref,2,5),IF(Heizleistungsbedarf<69,INDEX(WPWasser_Invest_ref,3,5),IF(Heizleistungsbedarf<191,INDEX(WPWasser_Invest_ref,4,5),IF(Heizleistungsbedarf>190,INDEX(WPWasser_Invest_ref,5,5)))))),-3) -> #VALUE! | F74: =ROUND(IF(Heizleistungsbedarf<8,INDEX(WPWasser_Invest_ref,1,6),IF(Heizleistungsbedarf<29,INDEX(WPWasser_Invest_ref,2,6),IF(Heizleistungsbedarf<69,INDEX(WPWasser_Invest_ref,3,6),IF(Heizleistungsbedarf<191,INDEX(WPWasser_Invest_ref,4,6),IF(Heizleistungsbedarf>190,INDEX(WPWasser_Invest_ref,5,6)))))),-3) -> 0
B75: Holz-Pellets | C75: =ROUND(IF(Heizleistungsbedarf<8,INDEX(Pellets_Invest_ref,1,3),IF(Heizleistungsbedarf<29,INDEX(Pellets_Invest_ref,2,3),IF(Heizleistungsbedarf<69,INDEX(Pellets_Invest_ref,3,3),IF(Heizleistungsbedarf<191,INDEX(Pellets_Invest_ref,4,3),IF(Heizleistungsbedarf>190,INDEX(Pellets_Invest_ref,5,3)))))),-3) -> 35000 | D75: =ROUND(IF(Heizleistungsbedarf<8,INDEX(Pellets_Invest_ref,1,4),IF(Heizleistungsbedarf<29,INDEX(Pellets_Invest_ref,2,4),IF(Heizleistungsbedarf<69,INDEX(Pellets_Invest_ref,3,4),IF(Heizleistungsbedarf<191,INDEX(Pellets_Invest_ref,4,4),IF(Heizleistungsbedarf>190,INDEX(Pellets_Invest_ref,5,4)))))),-3) -> 2000 | E75: =ROUND(IF(Heizleistungsbedarf<8,INDEX(Pellets_Invest_ref,1,5),IF(Heizleistungsbedarf<29,INDEX(Pellets_Invest_ref,2,5),IF(Heizleistungsbedarf<69,INDEX(Pellets_Invest_ref,3,5),IF(Heizleistungsbedarf<191,INDEX(Pellets_Invest_ref,4,5),IF(Heizleistungsbedarf>190,INDEX(Pellets_Invest_ref,5,5)))))),-3) -> 17000 | F75: 0
B76: Holz-Schnitzel | C76: =ROUND(IF(Heizleistungsbedarf<8,INDEX(Schnitzel_Invest_ref,1,3),IF(Heizleistungsbedarf<29,INDEX(Schnitzel_Invest_ref,2,3),IF(Heizleistungsbedarf<69,INDEX(Schnitzel_Invest_ref,3,3),IF(Heizleistungsbedarf<191,INDEX(Schnitzel_Invest_ref,4,3),IF(Heizleistungsbedarf>190,INDEX(Schnitzel_Invest_ref,5,3)))))),-3) -> #VALUE! | D76: =ROUND(IF(Heizleistungsbedarf<8,INDEX(Schnitzel_Invest_ref,1,4),IF(Heizleistungsbedarf<29,INDEX(Schnitzel_Invest_ref,2,4),IF(Heizleistungsbedarf<69,INDEX(Schnitzel_Invest_ref,3,4),IF(Heizleistungsbedarf<191,INDEX(Schnitzel_Invest_ref,4,4),IF(Heizleistungsbedarf>190,INDEX(Schnitzel_Invest_ref,5,4)))))),-3) -> #VALUE! | E76: =ROUND(IF(Heizleistungsbedarf<8,INDEX(Schnitzel_Invest_ref,1,5),IF(Heizleistungsbedarf<29,INDEX(Schnitzel_Invest_ref,2,5),IF(Heizleistungsbedarf<69,INDEX(Schnitzel_Invest_ref,3,5),IF(Heizleistungsbedarf<191,INDEX(Schnitzel_Invest_ref,4,5),IF(Heizleistungsbedarf>190,INDEX(Schnitzel_Invest_ref,5,5)))))),-3) -> #VALUE! | F76: 0
B77: Stückholzheizung | C77: =ROUND(IF(Heizleistungsbedarf<8,INDEX(Stückholz_Invest_ref,1,3),IF(Heizleistungsbedarf<29,INDEX(Stückholz_Invest_ref,2,3),IF(Heizleistungsbedarf<69,INDEX(Stückholz_Invest_ref,3,3),IF(Heizleistungsbedarf<191,INDEX(Stückholz_Invest_ref,4,3),IF(Heizleistungsbedarf>190,INDEX(Stückholz_Invest_ref,5,3)))))),-3) -> 35000 | D77: =ROUND(IF(Heizleistungsbedarf<8,INDEX(Stückholz_Invest_ref,1,4),IF(Heizleistungsbedarf<29,INDEX(Stückholz_Invest_ref,2,4),IF(Heizleistungsbedarf<69,INDEX(Stückholz_Invest_ref,3,4),IF(Heizleistungsbedarf<191,INDEX(Stückholz_Invest_ref,4,4),IF(Heizleistungsbedarf>190,INDEX(Stückholz_Invest_ref,5,4)))))),-3) -> 2000 | E77: =ROUND(IF(Heizleistungsbedarf<8,INDEX(Stückholz_Invest_ref,1,5),IF(Heizleistungsbedarf<29,INDEX(Stückholz_Invest_ref,2,5),IF(Heizleistungsbedarf<69,INDEX(Stückholz_Invest_ref,3,5),IF(Heizleistungsbedarf<191,INDEX(Stückholz_Invest_ref,4,5),IF(Heizleistungsbedarf>190,INDEX(Stückholz_Invest_ref,5,5)))))),-3) -> 17000 | F77: 0
B78: Oelheizung | C78: =ROUND(IF(Heizleistungsbedarf<8,INDEX(Oelheizung_Invest_ref,1,3),IF(Heizleistungsbedarf<29,INDEX(Oelheizung_Invest_ref,2,3),IF(Heizleistungsbedarf<69,INDEX(Oelheizung_Invest_ref,3,3),IF(Heizleistungsbedarf<191,INDEX(Oelheizung_Invest_ref,4,3),IF(Heizleistungsbedarf>190,INDEX(Oelheizung_Invest_ref,5,3)))))),-3) -> 36000 | D78: =ROUND(IF(Heizleistungsbedarf<8,INDEX(Oelheizung_Invest_ref,1,4),IF(Heizleistungsbedarf<29,INDEX(Oelheizung_Invest_ref,2,4),IF(Heizleistungsbedarf<69,INDEX(Oelheizung_Invest_ref,3,4),IF(Heizleistungsbedarf<191,INDEX(Oelheizung_Invest_ref,4,4),IF(Heizleistungsbedarf>190,INDEX(Oelheizung_Invest_ref,5,4)))))),-3) -> 1000 | E78: =ROUND(IF(Heizleistungsbedarf<8,INDEX(Oelheizung_Invest_ref,1,5),IF(Heizleistungsbedarf<29,INDEX(Oelheizung_Invest_ref,2,5),IF(Heizleistungsbedarf<69,INDEX(Oelheizung_Invest_ref,3,5),IF(Heizleistungsbedarf<191,INDEX(Oelheizung_Invest_ref,4,5),IF(Heizleistungsbedarf>190,INDEX(Oelheizung_Invest_ref,5,5)))))),-3) -> 11000 | F78: =ROUND(IF(Heizleistungsbedarf<8,INDEX(Oelheizung_Invest_ref,1,6),IF(Heizleistungsbedarf<29,INDEX(Oelheizung_Invest_ref,2,6),IF(Heizleistungsbedarf<69,INDEX(Oelheizung_Invest_ref,3,6),IF(Heizleistungsbedarf<191,INDEX(Oelheizung_Invest_ref,4,6),IF(Heizleistungsbedarf>190,INDEX(Oelheizung_Invest_ref,5,6)))))),-3) -> 0
B79: Gasheizung | C79: =ROUND(IF(Heizleistungsbedarf<8,INDEX(Gasheizung_Invest_ref,1,3),IF(Heizleistungsbedarf<29,INDEX(Gasheizung_Invest_ref,2,3),IF(Heizleistungsbedarf<69,INDEX(Gasheizung_Invest_ref,3,3),IF(Heizleistungsbedarf<191,INDEX(Gasheizung_Invest_ref,4,3),IF(Heizleistungsbedarf>190,INDEX(Gasheizung_Invest_ref,5,3)))))),-3) -> 26000 | D79: =ROUND(IF(Heizleistungsbedarf<8,INDEX(Gasheizung_Invest_ref,1,4),IF(Heizleistungsbedarf<29,INDEX(Gasheizung_Invest_ref,2,4),IF(Heizleistungsbedarf<69,INDEX(Gasheizung_Invest_ref,3,4),IF(Heizleistungsbedarf<191,INDEX(Gasheizung_Invest_ref,4,4),IF(Heizleistungsbedarf>190,INDEX(Gasheizung_Invest_ref,5,4)))))),-3) -> 1000 | E79: =ROUND(IF(Heizleistungsbedarf<8,INDEX(Gasheizung_Invest_ref,1,5),IF(Heizleistungsbedarf<29,INDEX(Gasheizung_Invest_ref,2,5),IF(Heizleistungsbedarf<69,INDEX(Gasheizung_Invest_ref,3,5),IF(Heizleistungsbedarf<191,INDEX(Gasheizung_Invest_ref,4,5),IF(Heizleistungsbedarf>190,INDEX(Gasheizung_Invest_ref,5,5)))))),-3) -> 9000 | F79: =ROUND(IF(Heizleistungsbedarf<8,INDEX(Gasheizung_Invest_ref,1,6),IF(Heizleistungsbedarf<29,INDEX(Gasheizung_Invest_ref,2,6),IF(Heizleistungsbedarf<69,INDEX(Gasheizung_Invest_ref,3,6),IF(Heizleistungsbedarf<191,INDEX(Gasheizung_Invest_ref,4,6),IF(Heizleistungsbedarf>190,INDEX(Gasheizung_Invest_ref,5,6)))))),-3) -> 0
B80: WP-Absorpt. | C80: =ROUND(IF(Heizleistungsbedarf<8,INDEX(WPAbsropt_Invest_ref,1,3),IF(Heizleistungsbedarf<29,INDEX(WPAbsropt_Invest_ref,2,3),IF(Heizleistungsbedarf<69,INDEX(WPAbsropt_Invest_ref,3,3),IF(Heizleistungsbedarf<191,INDEX(WPAbsropt_Invest_ref,4,3),IF(Heizleistungsbedarf>190,INDEX(WPAbsropt_Invest_ref,5,3)))))),-3) -> #VALUE! | D80: =ROUND(IF(Heizleistungsbedarf<8,INDEX(WPAbsropt_Invest_ref,1,4),IF(Heizleistungsbedarf<29,INDEX(WPAbsropt_Invest_ref,2,4),IF(Heizleistungsbedarf<69,INDEX(WPAbsropt_Invest_ref,3,4),IF(Heizleistungsbedarf<191,INDEX(WPAbsropt_Invest_ref,4,4),IF(Heizleistungsbedarf>190,INDEX(WPAbsropt_Invest_ref,5,4)))))),-3) -> #VALUE! | E80: =ROUND(IF(Heizleistungsbedarf<8,INDEX(WPAbsropt_Invest_ref,1,5),IF(Heizleistungsbedarf<29,INDEX(WPAbsropt_Invest_ref,2,5),IF(Heizleistungsbedarf<69,INDEX(WPAbsropt_Invest_ref,3,5),IF(Heizleistungsbedarf<191,INDEX(WPAbsropt_Invest_ref,4,5),IF(Heizleistungsbedarf>190,INDEX(WPAbsropt_Invest_ref,5,5)))))),-3) -> #VALUE! | F80: =ROUND(IF(Heizleistungsbedarf<8,INDEX(WPAbsropt_Invest_ref,1,6),IF(Heizleistungsbedarf<29,INDEX(WPAbsropt_Invest_ref,2,6),IF(Heizleistungsbedarf<69,INDEX(WPAbsropt_Invest_ref,3,6),IF(Heizleistungsbedarf<191,INDEX(WPAbsropt_Invest_ref,4,6),IF(Heizleistungsbedarf>190,INDEX(WPAbsropt_Invest_ref,5,6)))))),-3) -> #VALUE!
B81: WP-Zeolyth | C81: =ROUND(IF(Heizleistungsbedarf<8,INDEX(WPZeolyth_Invest_ref,1,3),IF(Heizleistungsbedarf<29,INDEX(WPZeolyth_Invest_ref,2,3),IF(Heizleistungsbedarf<69,INDEX(WPZeolyth_Invest_ref,3,3),IF(Heizleistungsbedarf<191,INDEX(WPZeolyth_Invest_ref,4,3),IF(Heizleistungsbedarf>190,INDEX(WPZeolyth_Invest_ref,5,3)))))),-3) -> #VALUE! | D81: =ROUND(IF(Heizleistungsbedarf<8,INDEX(WPZeolyth_Invest_ref,1,4),IF(Heizleistungsbedarf<29,INDEX(WPZeolyth_Invest_ref,2,4),IF(Heizleistungsbedarf<69,INDEX(WPZeolyth_Invest_ref,3,4),IF(Heizleistungsbedarf<191,INDEX(WPZeolyth_Invest_ref,4,4),IF(Heizleistungsbedarf>190,INDEX(WPZeolyth_Invest_ref,5,4)))))),-3) -> #VALUE! | E81: =ROUND(IF(Heizleistungsbedarf<8,INDEX(WPZeolyth_Invest_ref,1,5),IF(Heizleistungsbedarf<29,INDEX(WPZeolyth_Invest_ref,2,5),IF(Heizleistungsbedarf<69,INDEX(WPZeolyth_Invest_ref,3,5),IF(Heizleistungsbedarf<191,INDEX(WPZeolyth_Invest_ref,4,5),IF(Heizleistungsbedarf>190,INDEX(WPZeolyth_Invest_ref,5,5)))))),-3) -> #VALUE! | F81: =ROUND(IF(Heizleistungsbedarf<8,INDEX(WPZeolyth_Invest_ref,1,6),IF(Heizleistungsbedarf<29,INDEX(WPZeolyth_Invest_ref,2,6),IF(Heizleistungsbedarf<69,INDEX(WPZeolyth_Invest_ref,3,6),IF(Heizleistungsbedarf<191,INDEX(WPZeolyth_Invest_ref,4,6),IF(Heizleistungsbedarf>190,INDEX(WPZeolyth_Invest_ref,5,6)))))),-3) -> #VALUE!
A83: 3.5 | B83: Voraussichtlicher Förderbeitrag (Kanton) | C83: [Fr.]
B84: Fernwärme | C84: =IF(AND(Heizleistungsbedarf<=70,Heizleistungsbedarf<>0),'3.5 Förderbeitrag (Kanton)'!B4+Heizleistungsbedarf*'3.5 Förderbeitrag (Kanton)'!C4,IF(AND(Heizleistungsbedarf<=500,Heizleistungsbedarf<>0),'3.5 Förderbeitrag (Kanton)'!D4+Heizleistungsbedarf*'3.5 Förderbeitrag (Kanton)'!E4,'3.5 Förderbeitrag (Kanton)'!F4+Heizleistungsbedarf*'3.5 Förderbeitrag (Kanton)'!G4)) -> 18000
B85: WP-Luft (a) | C85: =IF(AND(Heizleistungsbedarf<=20,Heizleistungsbedarf<>0),'3.5 Förderbeitrag (Kanton)'!B6+Heizleistungsbedarf*'3.5 Förderbeitrag (Kanton)'!C6,IF(AND(Heizleistungsbedarf<=70,Heizleistungsbedarf<>0),'3.5 Förderbeitrag (Kanton)'!D6+(Heizleistungsbedarf-20)*'3.5 Förderbeitrag (Kanton)'!E6,'3.5 Förderbeitrag (Kanton)'!F6+Heizleistungsbedarf*'3.5 Förderbeitrag (Kanton)'!G6)) -> 3200 | E85: =ROUND(IF(Heizleistungsbedarf<8,INDEX(WPWasser_Invest_ref,1,3),IF(Heizleistungsbedarf<29,INDEX(WPWasser_Invest_ref,2,3),IF(Heizleistungsbedarf<69,INDEX(WPWasser_Invest_ref,3,3),IF(Heizleistungsbedarf<191,INDEX(WPWasser_Invest_ref,4,3),IF(Heizleistungsbedarf>190,INDEX(WPWasser_Invest_ref,5,3)))))),-3) -> #VALUE!
B86: WP-Luft (i) | C86: =IF(AND(Heizleistungsbedarf<=20,Heizleistungsbedarf<>0),'3.5 Förderbeitrag (Kanton)'!B6+Heizleistungsbedarf*'3.5 Förderbeitrag (Kanton)'!C6,IF(AND(Heizleistungsbedarf<=70,Heizleistungsbedarf<>0),'3.5 Förderbeitrag (Kanton)'!D6+(Heizleistungsbedarf-20)*'3.5 Förderbeitrag (Kanton)'!E6,'3.5 Förderbeitrag (Kanton)'!F6+Heizleistungsbedarf*'3.5 Förderbeitrag (Kanton)'!G6)) -> 3200
B87: WP-Sonde | C87: =IF(AND(Heizleistungsbedarf<=30,Heizleistungsbedarf<>0),'3.5 Förderbeitrag (Kanton)'!B8+Heizleistungsbedarf*'3.5 Förderbeitrag (Kanton)'!C8,IF(AND(Heizleistungsbedarf<=70,Heizleistungsbedarf<>0),'3.5 Förderbeitrag (Kanton)'!D8+(Heizleistungsbedarf-30)*'3.5 Förderbeitrag (Kanton)'!E8,IF(AND(Heizleistungsbedarf<=500,Heizleistungsbedarf<>0),'3.5 Förderbeitrag (Kanton)'!F8+Heizleistungsbedarf*'3.5 Förderbeitrag (Kanton)'!G8,'3.5 Förderbeitrag (Kanton)'!H8+Heizleistungsbedarf*'3.5 Förderbeitrag (Kanton)'!I8))) -> 84800
B88: WP-Wasser | C88: =IF(AND(Heizleistungsbedarf<=30,Heizleistungsbedarf<>0),'3.5 Förderbeitrag (Kanton)'!B8+Heizleistungsbedarf*'3.5 Förderbeitrag (Kanton)'!C8,IF(AND(Heizleistungsbedarf<=70,Heizleistungsbedarf<>0),'3.5 Förderbeitrag (Kanton)'!D8+(Heizleistungsbedarf-30)*'3.5 Förderbeitrag (Kanton)'!E8,IF(AND(Heizleistungsbedarf<=500,Heizleistungsbedarf<>0),'3.5 Förderbeitrag (Kanton)'!F8+Heizleistungsbedarf*'3.5 Förderbeitrag (Kanton)'!G8,'3.5 Förderbeitrag (Kanton)'!H8+Heizleistungsbedarf*'3.5 Förderbeitrag (Kanton)'!I8))) -> 84800
B89: Holz-Pellets | C89: =IF(AND(Heizleistungsbedarf<=30,Heizleistungsbedarf<>0),'3.5 Förderbeitrag (Kanton)'!B10+Heizleistungsbedarf*'3.5 Förderbeitrag (Kanton)'!C10,IF(AND(Heizleistungsbedarf<=70,Heizleistungsbedarf<>0),'3.5 Förderbeitrag (Kanton)'!D10+(Heizleistungsbedarf-30)*'3.5 Förderbeitrag (Kanton)'!E10,IF(AND(Heizleistungsbedarf<=500,Heizleistungsbedarf<>0),'3.5 Förderbeitrag (Kanton)'!F10+Heizleistungsbedarf*'3.5 Förderbeitrag (Kanton)'!G10,'3.5 Förderbeitrag (Kanton)'!H10+Heizleistungsbedarf*'3.5 Förderbeitrag (Kanton)'!I10))) -> 80000
B90: Holz-Schnitzel | C90: =IF(AND(Heizleistungsbedarf<=30,Heizleistungsbedarf<>0),'3.5 Förderbeitrag (Kanton)'!B10+Heizleistungsbedarf*'3.5 Förderbeitrag (Kanton)'!C10,IF(AND(Heizleistungsbedarf<=70,Heizleistungsbedarf<>0),'3.5 Förderbeitrag (Kanton)'!D10+(Heizleistungsbedarf-30)*'3.5 Förderbeitrag (Kanton)'!E10,IF(AND(Heizleistungsbedarf<=500,Heizleistungsbedarf<>0),'3.5 Förderbeitrag (Kanton)'!F10+Heizleistungsbedarf*'3.5 Förderbeitrag (Kanton)'!G10,'3.5 Förderbeitrag (Kanton)'!H10+Heizleistungsbedarf*'3.5 Förderbeitrag (Kanton)'!I10))) -> 80000
B91: Stückholzheizung | C91: ='3.5 Förderbeitrag (Kanton)'!B12 -> 4000
A93: 5.1 | B93: Raumbedarf SIA 384/1 [m3]
B95: Fernwärme | C95: =ROUND(IF(Heizleistungsbedarf="","",IF(Heizleistungsbedarf<25,'5.1 Raumbedarf'!D9,IF(Heizleistungsbedarf<50,'5.1 Raumbedarf'!D10,IF(Heizleistungsbedarf<70,'5.1 Raumbedarf'!D11,IF(Heizleistungsbedarf<100,'5.1 Raumbedarf'!D12,IF(Heizleistungsbedarf<250,'5.1 Raumbedarf'!D13,IF(Heizleistungsbedarf<500,'5.1 Raumbedarf'!D14,IF(Heizleistungsbedarf>=500,'5.1 Raumbedarf'!D15,0)))))))),0) -> #VALUE!
B96: WP-Luft (a) | C96: =ROUND(IF(Heizleistungsbedarf="","",IF(Heizleistungsbedarf<25,'5.1 Raumbedarf'!D9,IF(Heizleistungsbedarf<50,'5.1 Raumbedarf'!D10,IF(Heizleistungsbedarf<70,'5.1 Raumbedarf'!D11,IF(Heizleistungsbedarf<100,'5.1 Raumbedarf'!D12,IF(Heizleistungsbedarf<250,'5.1 Raumbedarf'!D13,IF(Heizleistungsbedarf<500,'5.1 Raumbedarf'!D14,IF(Heizleistungsbedarf>=500,'5.1 Raumbedarf'!D15,0)))))))),0) -> #VALUE!
B97: WP-Luft (i) | C97: =ROUND(IF(Heizleistungsbedarf="","",IF(Heizleistungsbedarf<25,'5.1 Raumbedarf'!D19,IF(Heizleistungsbedarf<50,'5.1 Raumbedarf'!D20,IF(Heizleistungsbedarf<70,'5.1 Raumbedarf'!D21,IF(Heizleistungsbedarf<100,'5.1 Raumbedarf'!D22,IF(Heizleistungsbedarf<250,'5.1 Raumbedarf'!D23,IF(Heizleistungsbedarf<500,'5.1 Raumbedarf'!D24,IF(Heizleistungsbedarf>=500,'5.1 Raumbedarf'!D25,0)))))))),0) -> #VALUE!
B98: WP-Sonde | C98: =ROUND(IF(Heizleistungsbedarf="","",IF(Heizleistungsbedarf<25,'5.1 Raumbedarf'!D9,IF(Heizleistungsbedarf<50,'5.1 Raumbedarf'!D10,IF(Heizleistungsbedarf<70,'5.1 Raumbedarf'!D11,IF(Heizleistungsbedarf<100,'5.1 Raumbedarf'!D12,IF(Heizleistungsbedarf<250,'5.1 Raumbedarf'!D13,IF(Heizleistungsbedarf<500,'5.1 Raumbedarf'!D14,IF(Heizleistungsbedarf>=500,'5.1 Raumbedarf'!D15,0)))))))),0) -> #VALUE!
B99: WP-Wasser | C99: =ROUND(IF(Heizleistungsbedarf="","",IF(Heizleistungsbedarf<25,'5.1 Raumbedarf'!D9,IF(Heizleistungsbedarf<50,'5.1 Raumbedarf'!D10,IF(Heizleistungsbedarf<70,'5.1 Raumbedarf'!D11,IF(Heizleistungsbedarf<100,'5.1 Raumbedarf'!D12,IF(Heizleistungsbedarf<250,'5.1 Raumbedarf'!D13,IF(Heizleistungsbedarf<500,'5.1 Raumbedarf'!D14,IF(Heizleistungsbedarf>=500,'5.1 Raumbedarf'!D15,0)))))))),0) -> #VALUE!
B100: Holz-Pellets | C100: =ROUND('5.1 Raumbedarf'!D29,0) -> #VALUE!
B101: Holz-Schnitzel | C101: =ROUND('5.1 Raumbedarf'!D33,0) -> #VALUE!
B102: Stückholzheizung | C102: =ROUND('5.1 Raumbedarf'!D37,0) -> #VALUE!
B103: Oelheizung | C103: =ROUND(IF(Heizleistungsbedarf="","",IF(Heizleistungsbedarf<25,'5.1 Raumbedarf'!E41,IF(Heizleistungsbedarf<50,'5.1 Raumbedarf'!E42,IF(Heizleistungsbedarf<70,'5.1 Raumbedarf'!E43,IF(Heizleistungsbedarf<100,'5.1 Raumbedarf'!E44,IF(Heizleistungsbedarf<250,'5.1 Raumbedarf'!E45,IF(Heizleistungsbedarf<500,'5.1 Raumbedarf'!E46,IF(Heizleistungsbedarf>=500,'5.1 Raumbedarf'!E47,0)))))))),0) -> #VALUE!
B104: Gasheizung | C104: =ROUND(IF(Heizleistungsbedarf="","",IF(Heizleistungsbedarf<25,'5.1 Raumbedarf'!D52,IF(Heizleistungsbedarf<50,'5.1 Raumbedarf'!D53,IF(Heizleistungsbedarf<70,'5.1 Raumbedarf'!D54,IF(Heizleistungsbedarf<100,'5.1 Raumbedarf'!D55,IF(Heizleistungsbedarf<250,'5.1 Raumbedarf'!D56,IF(Heizleistungsbedarf<500,'5.1 Raumbedarf'!D57,IF(Heizleistungsbedarf>=500,'5.1 Raumbedarf'!D58,0)))))))),0) -> #VALUE!
B105: WP-Absorpt.
B106: WP-Zeolyth
A108: 5.2 | B108: Spezifische Raumkosten [Fr./m3] | C108: 300
A110: 7.1 | B110: Betrachtungsdauer [Jahre] | C110: 20 | D110: 30 | E110: 40 | F110: 50
B111: Annuitätsfaktor-Prozentsatz =rmz(Zinssatz, Zeitraum, -1) | C111: =PMT($C$114,C110,-1) -> 0.05682039 | D111: =PMT($C$114,D110,-1) -> 0.040178543 | E111: =PMT($C$114,E110,-1) -> 0.031921414 | F111: =PMT($C$114,F110,-1) -> 0.027017625
B112: Annuität | C112: =1/PMT($C$114,C110,-1) -> 17.599316 | D112: =1/PMT($C$114,D110,-1) -> 24.888906 | E112: =1/PMT($C$114,E110,-1) -> 31.326933 | F112: =1/PMT($C$114,F110,-1) -> 37.012876
A114: 7.2 | B114: Kalkulationszinssatz [%] | C114: ='7.2 Kalkulationszinssatz'!C3 -> 0.0125
A116: 7.3 | B116: Jährliche Kostensteigerung Energiepreise [%] | C116: 0
A118: 7.4 | B118: Jährliche Kostensteigerung Wartung/Unterhalt [%] | C118: 0
A120: 8.1 | B120: Betrachtungsdauer [Jahre] | C120: 20 | D120: 30 | E120: 40 | F120: 50
B121: Faktor Energiepreissteigerung | C121: =IF($C$114<>$C$116,1/($C$114-$C$116)*(1-((1+$C$116)/(1+$C$114))^C110),C110/(1+$C$114)) -> 17.599316 | D121: =IF($C$114<>$C$116,1/($C$114-$C$116)*(1-((1+$C$116)/(1+$C$114))^D110),D110/(1+$C$114)) -> 24.888906 | E121: =IF($C$114<>$C$116,1/($C$114-$C$116)*(1-((1+$C$116)/(1+$C$114))^E110),E110/(1+$C$114)) -> 31.326933 | F121: =IF($C$114<>$C$116,1/($C$114-$C$116)*(1-((1+$C$116)/(1+$C$114))^F110),F110/(1+$C$114)) -> 37.012876
B122: Faktor Energiepreissteigerung | C122: =SUM(C121/C112) -> 1 | D122: =SUM(D121/D112) -> 1 | E122: =SUM(E121/E112) -> 1 | F122: =SUM(F121/F112) -> 1
...

Sheet Quellen
A1: Nr. | B1: Name | C1: Quelle
A2: 1.6 | B2: Heizgradtage Zürich Fluntern (Klimastation SMA, MeteoSchweiz) | C2: Merkblatt SIA 2028: 2010, Korrigenda 2015
A3: 2.1 | B3: Nutzungsgrad / JAZ | C3: gemäss Formular EN-101b EnDK (Version 2.0) und Studie FAWA – Feldanalyse von Wärmepumpen-Anlagen
A4: 2.3 | B4: Energiepreise (Strom) | C4: https://www.strompreis.elcom.admin.ch/
A5: 2.3 | B5: Energiepreise (Heizöl, Gas, Holz-Pellets) | C5: https://www.bfs.admin.ch/bfs/de/home/statistiken/preise/landesindex-konsumentenpreise/detailresultate.assetdetail.13407088.html
A6: 2.3 | B6: Energiepreise (Holz-Schnitzel) | C6: Holzenergie Schweiz, Erfahrungswerte, Kontakt: Andreas Keel (keel@holzenergie.ch) und Schnitzelindex
A7: 3./4./5. | B7: Amortisationszeit (paritätische Lebensdauertabelle) | C7: https://intern.mieterverband.ch/ldt/objekte.php?Gid=1 (MV) oder https://ldt.innov8.ch/objekte.php?HEV=1&Gid=1 (HEV)
A8: 3.1 | B8: Investitionskosten Technik | C8: Studie Externer Auftrag
A9: 3.2 | B9: investitionskosten Bauseitige Arbeiten | C9: Studie Externer Auftrag
A10: 3.5 | B10: Voraussichtlicher Förderbeitrag (Kanton) | C10: https://www.zh.ch/de/umwelt-tiere/energie/energiefoerderung.html
A11: 4.1 | B11: Investitionskosten Erdwärmesonde, Elektrozuleitung | C11: Studie Externer Auftrag
A12: 7.1 | B12: Kalkulationszinsatz | C12: https://www.bwo.admin.ch/bwo/de/home/mietrecht/referenzzinssatz/entwicklung-referenzzinssatz-und-durchschnittszinssatz.html

Sheet 2.1 Nutzungsgrad
A1: 2.1 | B1: Nutzungsgrad / Jahresarbeitszahl (gemäss Formular EN101b EnDK) und FAWA Studie
B3: Wärmeerzeugung | C3: Kurztext | D3: Text | E3: Standard | F3: Maximal
B4: Oelheizung | C4: Ölfeuerung | D4: Ölfeuerung | E4: 0.85 | F4: 0.92 | G4: Quelle Formular EN101b EnDK
C5: Ölheizung kondensierend | D5: Ölfeuerung kondensierend nur Heizung | E5: 0.91 | F5: 1
C6: Ölfeuerung kondens. Warmwasser | D6: Ölfeuerung kondensierend nur Warmwasser | E6: 0.88 | F6: 0.95
B7: Gasheizung | C7: Gasfeuerung | D7: Gasfeuerung | E7: 0.85 | F7: 0.95 | G7: Quelle Formular EN101b EnDK
C8: Gasheizung kondensierend | D8: Gasfeuerung kondensierend nur Heizung | E8: 0.95 | F8: 1
C9: Gas kondensierend Warmwasser | D9: Gasfeuerung kondensierend nur Warmwasser | E9: 0.92 | F9: 0.95
C10: Gas - Wassererwärmer | D10: Gas - Wassererwärmer | E10: 0.7 | F10: 0.9
B11: Holz-Schnitzel | C11: Holzfeuerung | D11: Holzfeuerung | E11: 0.75 | F11: 0.9 | G11: Quelle Formular EN101b EnDK
B12: Holz-Pellets | C12: Pelletfeuerung | D12: Pelletfeuerung | E12: 0.85 | F12: 0.9 | G12: Quelle Formular EN101b EnDK
C13: Fernwärme (<=50% nicht erneuerbar) | D13: Fernwärme (inkl. Abwärme aus KVA,ARA), <=50% nicht erneuerbar | E13: 1 | F13: 1
C14: Elektrospeicher-Zentralheizung | D14: Elektrospeicher-Zentralheizung | E14: 0.93 | F14: 0.95
C15: Elektro direkt | D15: Elektro direkt | E15: 1 | F15: 1
C16: Elektro-Wassererwärmer | D16: Elektro-Wassererwärmer | E16: 0.9 | F16: 0.95
C17: WKK - thermischer+elektr. Anteil | D17: WKK (fossil) - thermischer + elektrischer Anteil | E17: 0.8 | F17: 0.9
C18: WKK Holz - therm.+elektr. Anteil | D18: WKK (Holz) - thermischer + elektrischer Anteil | E18: 0.7 | F18: 0.9
B19: Stückholzheizung | C19: Stückholzfeuerung | D19: Stückholzfeuerung | E19: 0.75 | F19: 0.9 | G19: Quelle Formular EN101b EnDK
B20: WP-Luft (a) | C20: Luft-Wärmepumpe, Heizung | D20: Wärmepumpe Aussenluft, nur Heizung | E20: 2.5 | F20: 6 | G20: Quelle FAWA Studie
B21: WP-Luft (i) | C21: Luft-Wärmepumpe, Heizung | D21: Wärmepumpe Aussenluft, nur Heizung | E21: 2.5 | F21: 6 | G21: Quelle FAWA Studie
C22: Luft-Wärmepumpe, Warmwasser | D22: Wärmepumpe, Aussenluft, nur Warmwasser | E22: 2.3 | F22: 5
B23: WP-Sonde | C23: Erdsonden-WP, Heizung | D23: Wärmepumpe, Erdwärmesonde, nur Heizung | E23: 3.5 | F23: 10 | G23: Quelle FAWA Studie
C24: Erdsonden-WP, Warmwasser | D24: Wärmepumpe, Erdwärmesonde, nur Warmwasser | E24: 2.7 | F24: 7
C25: Abwasser-WP (direkt), Heizung | D25: Wärmepumpe, Abwasser, nur Heizung | E25: 2.7 | F25: 10
C26: Abwasser-WP direkt, Warmwasser | D26: Wärmepumpe, Abwasser, nur Warmwasser | E26: 2.8 | F26: 7
B27: WP-Wasser | C27: Wasser-Wärmepumpe, Heizung | D27: Wasser-Wärmepumpe, nur Heizung | E27: 3.5 | F27: 10 | G27: Annäherung: Wie Erdwärme Sonde
C28: Wasser-WP, Warmwasser | D28: Wasser-Wärmepumpe, nur Warmwasser | E28: 2.8 | F28: 7
C29: Grundwasser-WP direkt, Heizung | D29: Wärmepumpe, Grundwasser, direkt, nur Heizung | E29: 3.2 | F29: 10
C30: Grundwasser-WP dir. Warmwasser | D30: Wärmepumpe, Grundwasser, direkt, nur Warmwasser | E30: 2.9 | F30: 7
C31: Grundwasser-WP, indir, Heizung | D31: Wärmepumpe, Grundwasser, indirekt, nur Heizung | E31: 2.7 | F31: 8
C32: Grundwasser-WP, indir, Warmw. | D32: Wärmepumpe, Grundwasser, indirekt, nur Warmwaser | E32: 2.7 | F32: 6
C33: Erdregister-WP, Heizung | D33: Wärmepumpe Erdregister, nur Heizung | E33: 2.9 | F33: 8
C34: Erdregister-WP, Warmwasser | D34: Wärmepumpe Erdregister, nur Warmwasser | E34: 2.7 | F34: 6
C35: Solarenergie thermisch, Heizung | D35: Solarenergie thermisch, nur Heizung | E35: 1 | F35: 1
C36: Solarenergie therm. Warmwasser | D36: Solarenergie thermisch, nur Warmwasser | E36: 1 | F36: 1
C37: Solarenergie Heizung + WW | D37: Solarenergie thermisch, Heizung + WW | E37: 1 | F37: 1
C38: Warmhaltebänder | D38: Warmhaltebänder | E38: 1 | F38: 1
C39: Abwärme aus Klimakälte | D39: Abwärme aus Klimakälte | E39: 10 | F39: 10
... C49: Fernwärme (<=75% nicht erneuerbar) | D49: Fernwärme (inkl. Abwärme aus KVA,ARA), <=75% nicht erneuerbar | E49: 1 | F49: 1
B50: Fernwärme | C50: Fernwärme (<=25% nicht erneuerbar) | D50: Fernwärme (inkl. Abwärme aus KVA,ARA), <=25% nicht erneuerbar | E50: 1 | F50: 1 | G50: Formular EN101b EnDK
C51: Gaswärmepumpe, Heizung | D51: Gaswärmepumpe, nur Heizung | E51: 1.3 | F51: 2
C52: Gaswärmepumpe, Warmwasser | D52: Gaswärmepumpe, nur Warmwasser | E52: 1.3 | F52: 2

Sheet 2.3 Energiepreise
A1: 2.3 | C1: Energiepreise
C3: Felder zum Auffüllen, sobald Daten verfügbar
G5: 2028 | H5: 2027 | I5: 2026 | J5: 2025 | K5: 2024 | L5: 2023 | M5: 2022 | N5: 2021 | O5: 2020 | P5: 2019 | Q5: 2018 | R5: 2017 | S5: 2016 | T5: 2015 | U5: 2014 | V5: 2013 | W5: 2012 | X5: 2011 | Y5: 2010 | Z5: 2009 | AA5: 2008 | AB5: 2007 | AC5: 2006 | AD5: 2005 | AE5: 2004 | AF5: 2003 | AG5: 2002 | AH5: 2001 | AI5: 2000 | AJ5: 1999 | AK5: 1998 | AL5: 1997 | AM5: 1996 | AN5: 1995 | AO5: 1994 | AP5: 1993 | AQ5: 1992 | AR5: 1991 | AS5: 1990
D6: Aktueller Wert
C7: Max. CO2-Abgabe laut Gesetz [Fr./t CO2]1) | D7: =(INDEX(F7:X7,MATCH(TRUE,INDEX(ISNUMBER(F7:X7),0),0))) -> 120 | I7: 120 | J7: 120 | K7: 120 | L7: 120 | M7: 120 | N7: 120 | O7: 120 | P7: 120 | Q7: 120 | R7: 120
C8: CO2-Abgabe [Fr./t CO2]2) | D8: =(INDEX(F8:X8,MATCH(TRUE,INDEX(ISNUMBER(F8:X8),0),0))) -> 120 | I8: 120 | J8: 120 | K8: 120 | L8: 120 | M8: 120 | N8: 96 | O8: 96 | P8: 96 | Q8: 96 | R8: 84 | S8: 84 | T8: 60 | U8: 60 | V8: 36 | W8: 36 | X8: 36 | Y8: 36 | Z8: 12 | AA8: 12 | AB8: 0 | AC8: 0 | AD8: 0 | AE8: 0 | AF8: 0 | AG8: 0 | AH8: 0 | AI8: 0 | AJ8: 0 | AK8: 0 | AL8: 0 | AM8: 0 | AN8: 0 | AO8: 0 | AP8: 0 | AQ8: 0 | AR8: 0 | AS8: 0
C9: Durchschnitt der max. und eigentlichen CO2-Abgabe [Fr./t CO2] | D9: =(INDEX(F9:X9,MATCH(TRUE,INDEX(ISNUMBER(F9:X9),0),0))) -> 120 | G9: =IF(OR(G7=0,G8=0),"",AVERAGE(G7,G8)) | J9: =IF(OR(J7=0,J8=0),"",AVERAGE(J7,J8)) -> 120 | K9: =IF(OR(K7=0,K8=0),"",AVERAGE(K7,K8)) -> 120 | L9: =IF(OR(L7=0,L8=0),"",AVERAGE(L7,L8)) -> 120 | M9: =IF(OR(M7=0,M8=0),"",AVERAGE(M7,M8)) -> 120 | N9: =IF(OR(N7=0,N8=0),"",AVERAGE(N7,N8)) -> 108 | O9: =AVERAGE(O7:O8) -> 108 | P9: =AVERAGE(P7:P8) -> 108 | Q9: =AVERAGE(Q7:Q8) -> 108 | R9: =AVERAGE(R7:R8) -> 102
C10: CO2-Abgabe [Fr./l Heizöl]3) | G10: =IF(G9="","",G9/1000*2.9) | J10: =IF(J9="","",J9/1000*2.9) -> 0.348 | K10: =IF(K9="","",K9/1000*2.9) -> 0.348 | L10: =IF(L9="","",L9/1000*2.9) -> 0.348 | M10: =IF(M9="","",M9/1000*2.9) -> 0.348 | N10: =IF(N9="","",N9/1000*2.9) -> 0.3132 | O10: =O8/1000*2.9 -> 0.2784 | P10: =P8/1000*2.9 -> 0.2784 | Q10: =Q8/1000*2.9 -> 0.2784 | R10: =R8/1000*2.9 -> 0.2436 | S10: =S8/1000*2.9 -> 0.2436 | T10: =T8/1000*2.9 -> 0.174 | U10: =U8/1000*2.9 -> 0.174 | V10: =V8/1000*2.9 -> 0.1044 | ... AS10: =AS8/1000*2.9 -> 0
C11: CO2-Abgabe [Fr./kWh Erdgas]4) | G11: =IF(G9="","",G9/1000*0.22) | J11: =IF(J9="","",J9/1000*0.22) -> 0.0264 | K11: =IF(K9="","",K9/1000*0.22) -> 0.0264 | L11: =IF(L9="","",L9/1000*0.22) -> 0.0264 | M11: =IF(M9="","",M9/1000*0.22) -> 0.0264 | N11: =IF(N9="","",N9/1000*0.22) -> 0.02376 | O11: =O8/1000*0.22 -> 0.02112 | P11: =P8/1000*0.22 -> 0.02112 | Q11: =Q8/1000*0.22 -> 0.02112 | R11: =R8/1000*0.22 -> 0.01848 | S11: =S8/1000*0.22 -> 0.01848 | T11: =T8/1000*0.22 -> 0.0132 | U11: =U8/1000*0.22 -> 0.0132 | V11: =V8/1000*0.22 -> 0.00792 | ... AS11: =AS8/1000*0.22 -> 0
C12: MwSt. [%]5) | D12: =(INDEX(F12:X12,MATCH(TRUE,INDEX(ISNUMBER(F12:X12),0),0))) -> 0.081 | I12: 0.081 | J12: 0.081 | K12: 0.081 | L12: 0.077 | M12: 0.077 | N12: 0.077 | O12: 0.077 | P12: 0.077 | Q12: 0.077 | R12: 0.08 | S12: 0.08 | T12: 0.08 | U12: 0.08 | V12: 0.08 | W12: 0.08 | X12: 0.08 | Y12: 0.076 | Z12: 0.076 | AA12: 0.076 | AB12: 0.076 | AC12: 0.076 | AD12: 0.076 | AE12: 0.076 | AF12: 0.076 | AG12: 0.076 | AH12: 0.076 | AI12: 0.075 | AJ12: 0.075 | AK12: 0.065 | AL12: 0.065 | AM12: 0.065 | AN12: 0.065 | AO12: 0 | AP12: 0 | AQ12: 0 | AR12: 0 | AS12: 0
C13: Teuerungsindex [%]6) | I13: 0.2 | J13: 0.002 | K13: 0.011 | L13: 0.021 | M13: 0.028 | N13: 0.006 | O13: -0.007 | P13: 0.004 | Q13: 0.009 | R13: 0.005 | S13: -0.004 | T13: -0.011 | U13: 0 | V13: -0.002 | W13: -0.007 | X13: 0.002 | Y13: 0.007 | Z13: -0.005 | AA13: 0.024 | AB13: 0.007 | AC13: 0.011 | AD13: 0.012 | AE13: 0.008 | AF13: 0.006 | AG13: 0.006 | AH13: 0.01 | AI13: 0.016 | AJ13: 0.008 | AK13: 0 | AL13: 0.005 | AM13: 0.008 | AN13: 0.018 | AO13: 0.009 | AP13: 0.033 | AQ13: 0.04 | AR13: 0.059 | AS13: 0.054
C14: Landesindex der Konsumentengüter (Sep 1966=100)6) | I14: 358.4 | J14: 356.8 | K14: 356.3 | L14: 352.5 | M14: 345.1 | N14: 335.6 | O14: 333.7 | P14: 336.1 | Q14: 334.9 | R14: 331.8 | S14: 330 | T14: 331.5 | U14: 335.3 | V14: 335.4 | W14: 336.1 | X14: 338.5 | Y14: 337.6 | Z14: 335.3 | AA14: 337 | AB14: 329 | AC14: 326.6 | AD14: 323.2 | AE14: 319.4 | AF14: 316.9 | AG14: 314.9 | AH14: 312.9 | AI14: 309.8 | AJ14: 305 | AK14: 302.6 | AL14: 302.5 | AM14: 301 | AN14: 298.6 | AO14: 293.3 | AP14: 290.8 | AQ14: 281.5 | AR14: 270.6 | AS14: 255.6
C15: Landesindex der Konsumentengüter (Mai 2000=100)6) | I15: 116.1 | J15: 115.5 | K15: 115.4 | L15: 114.2 | M15: 111.8 | N15: 108.7 | O15: 108.1 | P15: 108.9 | Q15: 108.5 | R15: 107.5 | S15: 106.9 | T15: 107.4 | U15: 108.6 | V15: 108.6 | W15: 108.8 | X15: 109.6 | Y15: 109.4 | Z15: 108.6 | AA15: 109.1 | AB15: 106.5 | AC15: 105.8 | AD15: 104.7 | AE15: 103.4 | AF15: 102.6 | AG15: 102 | AH15: 101.3 | AI15: 100.6
D17: Resultat für Berechnungsgrundlage | E17: Durchschnitt letzte vier Jahre
C18: Strompreis (C1)7) [Rp./kWh exkl. MwSt.]8) | E18: {=AVERAGE(INDEX(F18:X18,(MATCH(TRUE,INDEX(ISNUMBER(F18:X18),0),0))),INDEX(F18:X18,(MATCH(TRUE,INDEX(ISNUMBER(F18:X18),0),0)+1)),INDEX(F18:X18,(MATCH(TRUE,INDEX(ISNUMBER(F18:X18),0),0)+2)),INDEX(F18:X18,(MATCH(TRUE,INDEX(ISNUMBER(F18:X18),0),0)+3)))} -> 26.5175 | I18: 23.51 | J18: 28.46 | K18: 31.62 | L18: 22.48
B19: C1 | C19: Strompreis (C1)7) [Rp./kWh inkl. aktueller MwSt.] | D19: =E18+E18*$D$12 -> 28.665418
C20: Strompreis (C2)7) [Rp./kWh exkl. MwSt.]8) | E20: =AVERAGE(INDEX(F20:X20,(MATCH(TRUE,INDEX(ISNUMBER(F20:X20),0),0))),INDEX(F20:X20,(MATCH(TRUE,INDEX(ISNUMBER(F20:X20),0),0)+1)),INDEX(F20:X20,(MATCH(TRUE,INDEX(ISNUMBER(F20:X20),0),0)+2)),INDEX(F20:X20,(MATCH(TRUE,INDEX(ISNUMBER(F20:X20),0),0)+3))) -> 25.2925 | I20: 22.18 | J20: 27.17 | K20: 30.59 | L20: 21.23
B21: C2 | C21: Strompreis (C2)7) [Rp./kWh inkl. aktueller MwSt.] | D21: =E20+E20*$D$12 -> 27.341193
C22: Strompreis (C3)7) [Rp./kWh exkl. MwSt.]8) | E22: =AVERAGE(INDEX(F22:X22,(MATCH(TRUE,INDEX(ISNUMBER(F22:X22),0),0))),INDEX(F22:X22,(MATCH(TRUE,INDEX(ISNUMBER(F22:X22),0),0)+1)),INDEX(F22:X22,(MATCH(TRUE,INDEX(ISNUMBER(F22:X22),0),0)+2)),INDEX(F22:X22,(MATCH(TRUE,INDEX(ISNUMBER(F22:X22),0),0)+3))) -> 22.7125 | I22: 20.15 | J22: 25.47 | K22: 27.39 | L22: 17.84
B23: C3 | C23: Strompreis (C3)7) [Rp./kWh inkl. aktueller MwSt.] | D23: =E22+E22*$D$12 -> 24.552212
C24: Strompreis (C4)7) [Rp./kWh exkl. MwSt.]8) | E24: =AVERAGE(INDEX(F24:X24,(MATCH(TRUE,INDEX(ISNUMBER(F24:X24),0),0))),INDEX(F24:X24,(MATCH(TRUE,INDEX(ISNUMBER(F24:X24),0),0)+1)),INDEX(F24:X24,(MATCH(TRUE,INDEX(ISNUMBER(F24:X24),0),0)+2)),INDEX(F24:X24,(MATCH(TRUE,INDEX(ISNUMBER(F24:X24),0),0)+3))) -> 21.62 | I24: 19.34 | J24: 24.46 | K24: 26.35 | L24: 16.33
B25: C4 | C25: Strompreis (C4)7) [Rp./kWh inkl. aktueller MwSt.] | D25: =E24+E24*$D$12 -> 23.37122
C26: Strompreis (C5)7) [Rp./kWh exkl. MwSt.]8) | E26: =AVERAGE(INDEX(F26:X26,(MATCH(TRUE,INDEX(ISNUMBER(F26:X26),0),0))),INDEX(F26:X26,(MATCH(TRUE,INDEX(ISNUMBER(F26:X26),0),0)+1)),INDEX(F26:X26,(MATCH(TRUE,INDEX(ISNUMBER(F26:X26),0),0)+2)),INDEX(F26:X26,(MATCH(TRUE,INDEX(ISNUMBER(F26:X26),0),0)+3))) -> 19.7675 | I26: 17.67 | J26: 22.66 | K26: 24.28 | L26: 14.46
B27: C5 | C27: Strompreis (C5)7) [Rp./kWh inkl. aktueller MwSt.] | D27: =E26+E26*$D$12 -> 21.368667
C28: Strompreis (C6)7) [Rp./kWh exkl. MwSt.]8) | E28: =AVERAGE(INDEX(F28:X28,(MATCH(TRUE,INDEX(ISNUMBER(F28:X28),0),0))),INDEX(F28:X28,(MATCH(TRUE,INDEX(ISNUMBER(F28:X28),0),0)+1)),INDEX(F28:X28,(MATCH(TRUE,INDEX(ISNUMBER(F28:X28),0),0)+2)),INDEX(F28:X28,(MATCH(TRUE,INDEX(ISNUMBER(F28:X28),0),0)+3))) -> 19.275 | I28: 16.44 | J28: 21.76 | K28: 24.24 | L28: 14.66
B29: C6 | C29: Strompreis (C6)7) [Rp./kWh inkl. aktueller MwSt.] | D29: =E28+E28*$D$12 -> 20.836275
C30: Strompreis (C7)7) [Rp./kWh exkl. MwSt.]8) | E30: =AVERAGE(INDEX(F30:X30,(MATCH(TRUE,INDEX(ISNUMBER(F30:X30),0),0))),INDEX(F30:X30,(MATCH(TRUE,INDEX(ISNUMBER(F30:X30),0),0)+1)),INDEX(F30:X30,(MATCH(TRUE,INDEX(ISNUMBER(F30:X30),0),0)+2)),INDEX(F30:X30,(MATCH(TRUE,INDEX(ISNUMBER(F30:X30),0),0)+3))) -> 20.825 | I30: 21.89 | J30: 22.44 | K30: 27.41 | L30: 11.56
B31: C7 | C31: Strompreis (C7)7) [Rp./kWh inkl. aktueller MwSt.] | D31: =E30+E30*$D$12 -> 22.511825
C32: Strompreis (H1)7) [Rp./kWh exkl. MwSt.]8) | E32: =AVERAGE(INDEX(F32:X32,(MATCH(TRUE,INDEX(ISNUMBER(F32:X32),0),0))),INDEX(F32:X32,(MATCH(TRUE,INDEX(ISNUMBER(F32:X32),0),0)+1)),INDEX(F32:X32,(MATCH(TRUE,INDEX(ISNUMBER(F32:X32),0),0)+2)),INDEX(F32:X32,(MATCH(TRUE,INDEX(ISNUMBER(F32:X32),0),0)+3))) -> 34.0525 | I32: 33.31 | J32: 37.41 | K32: 37.4 | L32: 28.09
B33: H1 | C33: Strompreis (H1)7) [Rp./kWh inkl. aktueller MwSt.] | D33: =E32+E32*$D$12 -> 36.810752
C34: Strompreis (H2)7) [Rp./kWh exkl. MwSt.]8) | E34: =AVERAGE(INDEX(F34:X34,(MATCH(TRUE,INDEX(ISNUMBER(F34:X34),0),0))),INDEX(F34:X34,(MATCH(TRUE,INDEX(ISNUMBER(F34:X34),0),0)+1)),INDEX(F34:X34,(MATCH(TRUE,INDEX(ISNUMBER(F34:X34),0),0)+2)),INDEX(F34:X34,(MATCH(TRUE,INDEX(ISNUMBER(F34:X34),0),0)+3))) -> 30.375 | I34: 28.71 | J34: 33.26 | K34: 34.4 | L34: 25.13
B35: H2 | C35: Strompreis (H2)7) [Rp./kWh inkl. aktueller MwSt.] | D35: =E34+E34*$D$12 -> 32.835375
C36: Strompreis (H3)7) [Rp./kWh exkl. MwSt.]8) | E36: =AVERAGE(INDEX(F36:X36,(MATCH(TRUE,INDEX(ISNUMBER(F36:X36),0),0))),INDEX(F36:X36,(MATCH(TRUE,INDEX(ISNUMBER(F36:X36),0),0)+1)),INDEX(F36:X36,(MATCH(TRUE,INDEX(ISNUMBER(F36:X36),0),0)+2)),INDEX(F36:X36,(MATCH(TRUE,INDEX(ISNUMBER(F36:X36),0),0)+3))) -> 25.935 | I36: 24.53 | J36: 28.63 | K36: 29.79 | L36: 20.79
B37: H3 | C37: Strompreis (H3)7) [Rp./kWh inkl. aktueller MwSt.] | D37: =E36+E36*$D$12 -> 28.035735
C38: Strompreis (H4)7) [Rp./kWh exkl. MwSt.]8) | E38: =AVERAGE(INDEX(F38:X38,(MATCH(TRUE,INDEX(ISNUMBER(F38:X38),0),0))),INDEX(F38:X38,(MATCH(TRUE,INDEX(ISNUMBER(F38:X38),0),0)+1)),INDEX(F38:X38,(MATCH(TRUE,INDEX(ISNUMBER(F38:X38),0),0)+2)),INDEX(F38:X38,(MATCH(TRUE,INDEX(ISNUMBER(F38:X38),0),0)+3))) -> 29.4725 | I38: 25.07 | J38: 30.01 | K38: 32.15 | L38: 30.66
B39: H4 | C39: Strompreis (H4)7) [Rp./kWh inkl. aktueller MwSt.] | D39: =E38+E38*$D$12 -> 31.859772
C40: Strompreis (H5)7) [Rp./kWh exkl. MwSt.]8) | E40: =AVERAGE(INDEX(F40:X40,(MATCH(TRUE,INDEX(ISNUMBER(F40:X40),0),0))),INDEX(F40:X40,(MATCH(TRUE,INDEX(ISNUMBER(F40:X40),0),0)+1)),INDEX(F40:X40,(MATCH(TRUE,INDEX(ISNUMBER(F40:X40),0),0)+2)),INDEX(F40:X40,(MATCH(TRUE,INDEX(ISNUMBER(F40:X40),0),0)+3))) -> 26.565 | I40: 22.76 | J40: 27.15 | K40: 28.92 | L40: 27.43
B41: H5 | C41: Strompreis (H5)7) [Rp./kWh inkl. aktueller MwSt.] | D41: =E40+E40*$D$12 -> 28.716765
C42: Strompreis (H6)7) [Rp./kWh exkl. MwSt.]8) | E42: =AVERAGE(INDEX(F42:X42,(MATCH(TRUE,INDEX(ISNUMBER(F42:X42),0),0))),INDEX(F42:X42,(MATCH(TRUE,INDEX(ISNUMBER(F42:X42),0),0)+1)),INDEX(F42:X42,(MATCH(TRUE,INDEX(ISNUMBER(F42:X42),0),0)+2)),INDEX(F42:X42,(MATCH(TRUE,INDEX(ISNUMBER(F42:X42),0),0)+3))) -> 24.9925 | I42: 21.86 | J42: 25.76 | K42: 26.92 | L42: 25.43
B43: H6 | C43: Strompreis (H6)7) [Rp./kWh inkl. aktueller MwSt.] | D43: =E42+E42*$D$12 -> 27.016893
C44: Strompreis (H7)7) [Rp./kWh exkl. MwSt.]8) | E44: =AVERAGE(INDEX(F44:X44,(MATCH(TRUE,INDEX(ISNUMBER(F44:X44),0),0))),INDEX(F44:X44,(MATCH(TRUE,INDEX(ISNUMBER(F44:X44),0),0)+1)),INDEX(F44:X44,(MATCH(TRUE,INDEX(ISNUMBER(F44:X44),0),0)+2)),INDEX(F44:X44,(MATCH(TRUE,INDEX(ISNUMBER(F44:X44),0),0)+3))) -> 26.335 | I44: 22.64 | J44: 27.01 | K44: 28.59 | L44: 27.1
B45: H7 | C45: Strompreis (H7)7) [Rp./kWh inkl. aktueller MwSt.] | D45: =E44+E44*$D$12 -> 28.468135
C46: Strompreis (H8)7) [Rp./kWh exkl. MwSt.]8) | E46: =AVERAGE(INDEX(F46:X46,(MATCH(TRUE,INDEX(ISNUMBER(F46:X46),0),0))),INDEX(F46:X46,(MATCH(TRUE,INDEX(ISNUMBER(F46:X46),0),0)+1)),INDEX(F46:X46,(MATCH(TRUE,INDEX(ISNUMBER(F46:X46),0),0)+2)),INDEX(F46:X46,(MATCH(TRUE,INDEX(ISNUMBER(F46:X46),0),0)+3))) -> 28.1 | I46: 23.29 | J46: 28.44 | K46: 31.08 | L46: 29.59
B47: H8 | C47: Strompreis (H8)7) [Rp./kWh inkl. aktueller MwSt.] | D47: =E46+E46*$D$12 -> 30.3761
D48: Resultat für Berechnungsgrundlage | E48: Durchschnitt letzte vier Jahre
C49: Holzpellets [Fr./6000 kg inkl. MwSt.]9) | I49: 3260.25 | J49: 2802.43 | K49: 2700.74 | L49: 3234.79 | M49: 3229.21 | N49: 2088.4417 | O49: 2090.8392 | P49: 2135.9792 | Q49: 2158.5508 | R49: 2157.04 | S49: 2179.87 | T49: 2286.51 | U49: 2422.46 | V49: 2386.98 | W49: 2224.11 | X49: 2344.28 | Y49: 2378.35 | Z49: 2309 | AA49: 2180.81 | AB49: 2315.32 | AC49: 2047.9
C50: Holzpellets [Rp./kWh inkl. MwSt.]10) | G50: =IF(G49="","",G49/6000/4.8*100) | H50: =IF(H49="","",H49/6000/4.8*100) | I50: =IF(I49="","",I49/6000/4.8*100) -> 11.320313 | J50: =IF(J49="","",J49/6000/4.8*100) -> 9.7306597 | K50: =IF(K49="","",K49/6000/4.8*100) -> 9.3775694 | L50: =IF(L49="","",L49/6000/4.8*100) -> 11.23191 | M50: =IF(M49="","",M49/6000/4.8*100) -> 11.212535 | N50: =IF(N49="","",N49/6000/4.8*100) -> 7.2515336 | ... P50: =IF(P49="","",P49/6000/4.8*100) -> 7.4165943 | Q50: =Q49/6000/4.8*100 -> 7.4949682 | R50: =R49/6000/4.8*100 -> 7.4897222 | S50: =S49/6000/4.8*100 -> 7.5689931 | T50: =T49/6000/4.8*100 -> 7.9392708 | U50: =U49/6000/4.8*100 -> 8.4113194 | V50: =V49/6000/4.8*100 -> 8.288125 | W50: =W49/6000/4.8*100 -> 7.7226042 | X50: =X49/6000/4.8*100 -> 8.1398611 | ... AC50: =AC49/6000/4.8*100 -> 7.1107639
C51: Holzpellets [Rp./kWh exkl. MwSt.] | E51: =AVERAGE(INDEX(F51:X51,(MATCH(TRUE,INDEX(ISNUMBER(F51:X51),0),0))),INDEX(F51:X51,(MATCH(TRUE,INDEX(ISNUMBER(F51:X51),0),0)+1)),INDEX(F51:X51,(MATCH(TRUE,INDEX(ISNUMBER(F51:X51),0),0)+2)),INDEX(F51:X51,(MATCH(TRUE,INDEX(ISNUMBER(F51:X51),0),0)+3))) -> 9.6443494 | G51: =IF(G50="","",G50/(1+G12)) | H51: =IF(H50="","",H50/(1+H12)) | I51: =IF(I50="","",I50/(1+I12)) -> 10.472074 | J51: =IF(J50="","",J50/(1+J12)) -> 9.0015354 | K51: =IF(K50="","",K50/(1+K12)) -> 8.6749024 | L51: =IF(L50="","",L50/(1+L12)) -> 10.428886 | M51: =IF(M50="","",M50/(1+M12)) -> 10.410896 | N51: =IF(N50="","",N50/(1+N12)) -> 6.7330859 | ... P51: =IF(P50="","",P50/(1+P12)) -> 6.8863457 | Q51: =Q50/(1+Q12) -> 6.9591162 | R51: =R50/(1+R12) -> 6.934928 | S51: =S50/(1+S12) -> 7.0083269 | T51: =T50/(1+T12) -> 7.3511767 | U51: =U50/(1+U12) -> 7.7882587 | V51: =V50/(1+V12) -> 7.6741898 | W51: =W50/(1+W12) -> 7.1505594 | X51: =X50/(1+X12) -> 7.5369084 | ... AC51: =AC50/(1+AC12) -> 6.6085166
C52: Holzpellets [Rp./kWh inkl. aktueller MwSt.] | D52: =E51+E51*MWST -> 10.425542
D53: Resultat für Berechnungsgrundlage | E53: Durchschnitt letzte vier Jahre
C54: Holzschnitzel [für 190 kW Kesselleistung, Rp./kWh exkl. MwSt.]11) | E54: =AVERAGE(INDEX(F54:X54,(MATCH(TRUE,INDEX(ISNUMBER(F54:X54),0),0))),INDEX(F54:X54,(MATCH(TRUE,INDEX(ISNUMBER(F54:X54),0),0)+1)),INDEX(F54:X54,(MATCH(TRUE,INDEX(ISNUMBER(F54:X54),0),0)+2)),INDEX(F54:X54,(MATCH(TRUE,INDEX(ISNUMBER(F54:X54),0),0)+3))) -> 6 | P54: 6
C55: Holzschnitzel [für 190 kW Kesselleistung, Rp./kWh inkl. aktueller MwSt.] | D55: =E54+E54*MWST -> 6.486
C56: Holzschnitzel [Referenzpreis 2019 exkl. MwSt.]11) | G56: 6 | H56: 6 | I56: 6 | J56: 6 | K56: 6 | L56: 6 | M56: 6 | N56: 6 | O56: 6 | P56: 6
C57: Holzschnitzel Preisindex Schnitzel20) | I57: 135.3 | J57: 134.2 | K57: 133.7 | L57: 133.1 | M57: 125.4 | N57: 115.4 | O57: 112.7 | P57: 115.3
C58: Holzschnitzel [Rp./kWh exkl. MwSt.]21) | E58: {=AVERAGE(INDEX(F58:X58,(MATCH(TRUE,INDEX(ISNUMBER(F58:X58),0),0))),INDEX(F58:X58,(MATCH(TRUE,INDEX(ISNUMBER(F58:X58),0),0)+1)),INDEX(F58:X58,(MATCH(TRUE,INDEX(ISNUMBER(F58:X58),0),0)+2)),INDEX(F58:X58,(MATCH(TRUE,INDEX(ISNUMBER(F58:X58),0),0)+3)))} -> 6.9770165 | G58: =IF(G57="","",G56*(G57/$P$57)) | H58: =IF(H57="","",H56*(H57/$P$57)) | I58: =IF(I57="","",I56*(I57/$P$57)) -> 7.0407632 | J58: =IF(J57="","",J56*(J57/$P$57)) -> 6.9835212 | K58: =IF(K57="","",K56*(K57/$P$57)) -> 6.9575022 | L58: =IF(L57="","",L56*(L57/$P$57)) -> 6.9262793 | M58: =IF(M57="","",M56*(M57/$P$57)) -> 6.5255854 | N58: =IF(N57="","",N56*(N57/$P$57)) -> 6.0052038 | ... P58: =IF(P57="","",P56*(P57/$P$57)) -> 6
C59: Holzschnitzel [Rp./kWh inkl. aktueller MwSt.] | D59: =E58+E58*MWST -> 7.5421548
D60: Resultat für Berechnungsgrundlage | E60: Durchschnitt letzte vier Jahre
C61: Basispreis Oktober 2025 (Nadelholz) 14) [Fr./m3 inkl. aktueller MwSt.] | I61: 72.1 | J61: 72.1 | K61: 72.1 | L61: 72.1 | M61: 72.1 | N61: 72.1
C62: Preisindex Rohholz (Energieholz in langer Form)15) | I62: 99.4 | J62: 100 | K62: 98.8 | L62: 88.2 | M62: 71.6 | N62: 64.9
C63: Stückholz [Rp./kWh inkl. aktueller MwSt.] | E63: {=AVERAGE(INDEX(F63:X63,(MATCH(TRUE,INDEX(ISNUMBER(F63:X63),0),0))),INDEX(F63:X63,(MATCH(TRUE,INDEX(ISNUMBER(F63:X63),0),0)+1)),INDEX(F63:X63,(MATCH(TRUE,INDEX(ISNUMBER(F63:X63),0),0)+2)),INDEX(F63:X63,(MATCH(TRUE,INDEX(ISNUMBER(F63:X63),0),0)+3)))} -> 3.8693667 | H63: =IF(H62="","",100*H61*H62/$J62/1800) | I63: =IF(I62="","",100*I61*I62/$J62/1800) -> 3.9815222 | J63: =IF(J62="","",100*J61*J62/$J62/1800) -> 4.0055556 | K63: =IF(K62="","",100*K61*K62/$J62/1800) -> 3.9574889 | L63: =IF(L62="","",100*L61*L62/$J62/1800) -> 3.5329 | M63: =IF(M62="","",100*M61*M62/$J62/1800) -> 2.8679778 | N63: =IF(N62="","",100*N61*N62/$J62/1800) -> 2.5996056
D65: Resultat für Berechnungsgrundlage | E65: Durchschnitt letzte vier Jahre
C66: Heizöl (6'001-9'000 l) [Fr./100 l inkl. MwSt. und inkl. CO2-Abgabe]9) | I66: 113.9 | J66: 94.85 | K66: 103.56 | L66: 114.0325 | M66: 137.66 | N66: 83.861667 | O66: 68.26 | P66: 89.505 | Q66: 94.46 | R66: 77.89 | S66: 68.96 | T66: 73.06 | U66: 97.83 | V66: 99.25 | W66: 102.75 | X66: 96.74 | Y66: 84 | Z66: 67.45 | AA66: 108.22 | AB66: 79.25 | AC66: 77.88 | AD66: 68.77 | AE66: 48.99 | AF66: 42.8 | AG66: 39.77 | AH66: 45.57 | AI66: 49.42 | AJ66: 29.31 | AK66: 25.96 | AL66: 33.31 | AM66: 36.53 | AN66: 30.32 | AO66: 31.27 | AP66: 36.19 | AQ66: 37.2 | AR66: 42.33 | AS66: 42.24
C67: Heizöl (6'001-9'000 l) [Fr./100 l inkl. MwSt. und exkl. CO2-Abgabe]9) | G67: =IF(G66="","",G66-100*G10) | H67: =IF(H66="","",H66-100*H10) | I67: =IF(I66="","",I66-100*I10) -> 113.9 | J67: =IF(J66="","",J66-100*J10) -> 60.05 | K67: =IF(K66="","",K66-100*K10) -> 68.76 | L67: =IF(L66="","",L66-100*L10) -> 79.2325 | M67: =IF(M66="","",M66-100*M10) -> 102.86 | N67: =IF(N66="","",N66-100*N10) -> 52.541667 | ... P67: =IF(P66="","",P66-100*P10) -> 61.665 | Q67: =Q66-100*Q10 -> 66.62 | R67: =R66-100*R10 -> 53.53 | S67: =S66-100*S10 -> 44.6 | T67: =T66-100*T10 -> 55.66 | U67: =U66-100*U10 -> 80.43 | V67: =V66-100*V10 -> 88.81 | W67: =W66-100*W10 -> 92.31 | X67: =X66-100*X10 -> 86.3 | ... AS67: =AS66-100*AS10 -> 42.24
C68: Heizöl (6'001-9'000 l) [Fr./100 l exkl. MwSt. und exkl. CO2-Abgabe]9) | E68: {=AVERAGE(INDEX(F68:X68,(MATCH(TRUE,INDEX(ISNUMBER(F68:X68),0),0))),INDEX(F68:X68,(MATCH(TRUE,INDEX(ISNUMBER(F68:X68),0),0)+1)),INDEX(F68:X68,(MATCH(TRUE,INDEX(ISNUMBER(F68:X68),0),0)+2)),INDEX(F68:X68,(MATCH(TRUE,INDEX(ISNUMBER(F68:X68),0),0)+3)))} -> 74.522843 | G68: =IF(G67="","",G67/(1+G12)) | H68: =IF(H67="","",H67/(1+H12)) | I68: =IF(I67="","",I67/(1+I12)) -> 105.3654 | J68: =IF(J67="","",J67/(1+J12)) -> 55.550416 | K68: =IF(K67="","",K67/(1+K12)) -> 63.607771 | L68: =IF(L67="","",L67/(1+L12)) -> 73.567781 | M68: =IF(M67="","",M67/(1+M12)) -> 95.506035 | N68: =IF(N67="","",N67/(1+N12)) -> 48.785206 | ... AS68: =IF(AS67="","",AS67/(1+AS12)) -> 42.24
C69: Heizöl (6'001-9'000 l) [Fr./100 l exkl. MwSt. und inkl. aktueller Durchschnitts-CO2-Abgabe]9) | D69: =E68+100*D9/1000*2.9 -> 109.32284
C70: Heizöl (6'001-9'000 l) [Fr./100 l inkl. aktueller MwSt. und inkl. aktueller Durchschnitts-CO2-Abgabe]9) | D70: =D69+D69*MWST -> 118.17799
C71: Heizöl (6'001-9'000 l) [Rp./kWh inkl. aktueller MwSt. und inkl. aktueller Durchschnitts-CO2-Abgabe]9)12) | D71: =D70/994*100 -> 11.889134
D72: Resultat für Berechnungsgrundlage | E72: Durchschnitt letzte vier Jahre
C73: Gaspreis (20'000 kWh) [Fr./kWh inkl. MwSt. und inkl. CO2-Abgabe]9) | I73: 14.54 | J73: 15.02 | K73: 0.159 | L73: 0.1742 | M73: 0.1493 | N73: 0.098716667 | O73: 0.0963 | P73: 0.1024 | Q73: 0.098075 | R73: 0.0934 | S73: 0.0962 | T73: 0.0968 | U73: 0.1031 | V73: 0.1005 | W73: 0.1001 | X73: 0.0953 | Y73: 0.0911 | Z73: 0.0959 | AA73: 0.1019 | AB73: 0.0908 | AC73: 0.0869 | AD73: 0.0715 | AE73: 0.0656 | AF73: 0.0654 | AG73: 0.0662 | AH73: 0.0712 | AI73: 0.0613 | AJ73: 0.0533 | AK73: 0.0548 | AL73: 0.0546 | AM73: 0.0538 | AN73: 0.0547 | AO73: 0.0527 | AP73: 0.0545 | AQ73: 0.1754 | AR73: 0.1754 | AS73: 0.1739
C74: Gaspreis (20'000 kWh) [Fr./kWh inkl. MwSt. und exkl. CO2-Abgabe]9) | G74: =IF(G73="","",G73-G11) | H74: =IF(H73="","",H73-H11) | I74: =IF(I73="","",I73-I11) -> 14.54 | J74: =IF(J73="","",J73-J11) -> 14.9936 | K74: =IF(K73="","",K73-K11) -> 0.1326 | L74: =IF(L73="","",L73-L11) -> 0.1478 | M74: =IF(M73="","",M73-M11) -> 0.1229 | N74: =IF(N73="","",N73-N11) -> 0.074956667 | ... P74: =IF(P73="","",P73-P11) -> 0.08128 | Q74: =Q73-Q11 -> 0.076955 | R74: =R73-R11 -> 0.07492 | S74: =S73-S11 -> 0.07772 | T74: =T73-T11 -> 0.0836 | U74: =U73-U11 -> 0.0899 | V74: =V73-V11 -> 0.09258 | W74: =W73-W11 -> 0.09218 | X74: =X73-X11 -> 0.08738 | ... AS74: =AS73-AS11 -> 0.1739
C75: Gaspreis (20'000 kWh) [Fr./kWh exkl. MwSt. und exkl. CO2-Abgabe]9) | E75: =AVERAGE(INDEX(F75:X75,(MATCH(TRUE,INDEX(ISNUMBER(F75:X75),0),0))),INDEX(F75:X75,(MATCH(TRUE,INDEX(ISNUMBER(F75:X75),0),0)+1)),INDEX(F75:X75,(MATCH(TRUE,INDEX(ISNUMBER(F75:X75),0),0)+2)),INDEX(F75:X75,(MATCH(TRUE,INDEX(ISNUMBER(F75:X75),0),0)+3))) -> 6.8951316 | G75: =IF(G74="","",G74/(1+G12)*1) | H75: =IF(H74="","",H74/(1+H12)*1) | I75: =IF(I74="","",I74/(1+I12)*1) -> 13.450509 | J75: =IF(J74="","",J74/(1+J12)*1) -> 13.87012 | K75: =IF(K74="","",K74/(1+K12)*1) -> 0.1226642 | L75: =IF(L74="","",L74/(1+L12)*1) -> 0.13723305 | M75: =IF(M74="","",M74/(1+M12)*1) -> 0.11411328 | N75: =IF(N74="","",N74/(1+N12)*1) -> 0.069597648 | ... P75: =IF(P74="","",P74/(1+P12)*1) -> 0.075468895 | Q75: =Q74/(1+Q12)*1 -> 0.07145311 | R75: =R74/(1+R12)*1 -> 0.06937037 | S75: =S74/(1+S12)*1 -> 0.071962963 | T75: =T74/(1+T12)*1 -> 0.077407407 | U75: =U74/(1+U12)*1 -> 0.083240741 | V75: =V74/(1+V12)*1 -> 0.085722222 | W75: =W74/(1+W12)*1 -> 0.085351852 | X75: =X74/(1+X12)*1 -> 0.080907407 | ... AS75: =AS74/(1+AS12)*1 -> 0.1739
C76: Gaspreis (20'000 kWh) [Fr./kWh exkl. MwSt. und inkl. Aktueller Durchschnitts-CO2-Abgabe]9) | D76: =E75+D9/1000*0.22 -> 6.9215316
C77: Gaspreis (20'000 kWh) [Fr./kWh inkl. MwSt. und inkl. Aktueller Durchschnitts-CO2-Abgabe]9) | D77: =D76+D76*MWST -> 7.4821756
C82: Quellen
B83: 1) | C83: https://www.bafu.admin.ch/bafu/de/home/themen/klima/fachinformationen/verminderungsmassnahmen/co2-abgabe.html
B84: 2) | C84: https://www.bafu.admin.ch/co2-abgabe, https://www.bafu.admin.ch/bafu/de/home/themen/klima/mitteilungen.msg-id-58016.html
B85: 3) | C85: https://www.klimaneutral-handeln.de/php/kompens-berechnen.php 1 Liter Heizöl => 2.9 kg CO2
B86: 4) | C86: https://www.klimaneutral-handeln.de/php/kompens-berechnen.php 1 kWh Erdgas => 0.22 kg CO2
B87: 5) | C87: https://www.estv.admin.ch/estv/de/home/mehrwertsteuer/fachinformationen/steuersaetze/entwicklung-mwst.html
B88: 6) | C88: https://www.bfs.admin.ch/asset/de/cc-d-05.02.08 resp. https://www.bfs.admin.ch/bfs/de/home/statistiken/preise/landesindex-konsumentenpreise.assetdetail.13407072.html
B89: 7) | C89: https://www.strompreis.elcom.admin.ch/ (Preise = Totalpreise von Standardprodukt / ab 2018 Standartprodukt, vorher günstigstes Produkt)
B90: 8) | C90: Strom wird in Verbrauchskategorien angegeben: Verbrauchsprofile typischer Haushalte: H1: 1'600 kWh/Jahr: 2-Zimmerwohnung mit Elektroherd H2: 2'500 kWh/Jahr: 4-Zimmerwohnung mit Elektroherd H3: 4'500 kWh/Jahr: 4-Zimmerwohnung mit Elektroherd und Elektroboiler H4: 4'500 kWh/Jahr: 5-Zimmerwohnung mit Elektroherd und Tumbler (ohne Elektroboiler) H5: 7'500 kWh/Jahr: 5-Zimmer-Einfamilienhaus mit Elektroherd, Elektroboiler und Tumbler H6: 25'000 kWh/Jahr: 5-Zimmer-Einfamilienhaus mit Elektroherd, Elektroboiler, Tumbler und mit elektrischer Widerstandsheizung -> Berechnungsgrundlage H7: 13'000 kWh/Jahr: 5-Zimmer-Einfamilienhaus mit Elektroherd, Elektroboiler, Tumbler, Wärmepumpe 5 kW zur Beheizung H8: 7'500 kWh/Jahr: Grosse, hoch elektrifizierte Eigentumswohnung Verbrauchsprofile von Gewerbe- und Industriebetrieben: C1: 8'000 kWh/Jahr: Kleinstbetrieb, max. beanspruchte Leistung: 8 kW C2: 30'000 kWh/Jahr: Kleinbetrieb, max. beanspruchte Leistung: 15 kW C3: 150'000 kWh/Jahr: Mittlerer Betrieb, max. beanspruchte Leistung: 50 kW C4: 500'000 kWh/Jahr: Grosser Betrieb , max. beanspruchte Leistung: 150 kW, Niederspannung C5: 500'000 kWh/Jahr: Grosser Betrieb, max. beanspruchte Leistung: 150 kW, Mittelspannung, eigene Transformatorenstation C6: 1'500'000 kWh/Jahr: Grosser Betrieb, max. beanspruchte Leistung: 400 kW, Mittelspannung, eigene Transformatorenstation C7: 7'500'000 kWh/Jahr: Grosser Betrieb, max. beanspruchte Leistung: 1'630 kW, Mittelspannung, eigene Transformatorenstation
B91: 9) | C91: https://www.bfs.admin.ch/asset/de/su-d-05.02.91 resp. https://www.bfs.admin.ch/bfs/de/home/statistiken/preise/landesindex-konsumentenpreise/detailresultate.assetdetail.13407088.html
B92: 10) | C92: Heizwert von Holzpellets = 4.8 kWh/kg https://www.effizienzhaus-online.de/heizwert-von-pellets/#:~:text=Der%20Heizwert%20von%20Holzpellets%20liegt,Pellets%20etwa%20einem%20Liter%20Heiz%C3%B6l.
B93: 11) | C93: Erfahrungswerte von Andreas Keel, Holzenergie Schweiz | D93: https://www.holzenergie.ch/fachthemen/preisindex-schnitzel-und-holzpellets
B94: 12) | C94: Der Energiegehalt von 100l Heizöl ist (0.0426 TJ/t * 0.84 t/m3 * 0.13 m3/l * 100l =) 0.0035784 TJ, dies entspricht 994 kWh
B95: 13) | C95: Gleich wie Heizölpreis (Quelle 9))
B96: 14) | C96: https://www.waldschweiz.ch/holzmarkt
B97: 15) | C97: https://www.bfs.admin.ch/bfs/de/home/statistiken/preise/produzentenpreise-importpreise/produzentenpreise.assetdetail.36853814.html
B98: 20) | C98: https://www.holzenergie.ch/fachthemen/preisindex-schnitzel-und-holzpellets
B99: 21) | C99: Berechnung des Holzschnitzelpreises anhand des Erfahrungswerte von Andreas Keel aus dem Jahr 2019 und mit Hilfe des Preisindex: Preis 2019 x Index aktuelles Jahr / Index 2019

Sheet 3.1-4.1 Investitionskosten
C1: Ergebnisse für: | D1: =Heizleistungsbedarf -> 0 | E1: kW Heizleistungsbedarf | I1: Berechnungsgrundlagen - Stützwerte | O1: Berechnung der linearen Regression y= ax+b mit a:Steigung b:Achsenabschnitt
C2: Kostenformeln ausgewertet bei diesem Heizleistungsbedarf | O2: technisches | Q2: bauliches | S2: Honorare | U2: Erdsonde/…/Anschlussg.
A3: 3 | B3: Investitionskosten | C3: Leistung (range) [kW] | D3: 3.1 Technisches | E3: 3.1 Bauliches | F3: 3.2 Honorare | G3: 4.1 Erdsonde / Elektrozuleitung / Anschlussgebühren FW | I3: Leistung [kW] | J3: Technisches [CHF] | K3: Bauliches [CHF] | L3: Honorare [CHF] | M3: Erdsonde / Elektrozuleitung / Anschlussgebühren FW [CHF] | O3: a | P3: b | Q3: a | R3: b | S3: a | T3: b | U3: a | V3: b
B4: Fernwärme | C4: bis 7 | D4: =J4 -> 21780 | E4: =K4 -> 0 | F4: =L4 -> 7676 | G4: =M4 -> 26000 | I4: 7 | J4: 21780 | K4: 0 | L4: 7676 | M4: 26000
C5: ab 7 bis 28 | D5: =O5*Heizleistungsbedarf+P5 -> 18663.333 | E5: =Q5*Heizleistungsbedarf+R5 -> 0 | F5: =S5*Heizleistungsbedarf+T5 -> 6930.3333 | G5: =U5*Heizleistungsbedarf+V5 -> 24000 | I5: 28 | J5: 31130 | K5: 0 | L5: 9913 | M5: 32000 | O5: =SLOPE(J4:J5,I4:I5) -> 445.2381 | P5: =INTERCEPT(J4:J5,I4:I5) -> 18663.333 | Q5: =SLOPE(K4:K5,I4:I5) -> 0 | R5: =INTERCEPT(K4:K5,I4:I5) -> 0 | S5: =SLOPE(L4:L5,I4:I5) -> 106.52381 | T5: =INTERCEPT(L4:L5,I4:I5) -> 6930.3333 | U5: =SLOPE(M4:M5,I4:I5) -> 285.71429 | V5: =INTERCEPT(M4:M5,I4:I5) -> 24000
C6: ab 28 bis 68 | D6: =O6*Heizleistungsbedarf+P6 -> 22814 | E6: =Q6*Heizleistungsbedarf+R6 -> 0 | F6: =S6*Heizleistungsbedarf+T6 -> 8092.3 | G6: =U6*Heizleistungsbedarf+V6 -> 26750 | I6: 68 | J6: 43010 | K6: 0 | L6: 12514 | M6: 39500 | O6: =SLOPE(J5:J6,I5:I6) -> 297 | P6: =INTERCEPT(J5:J6,I5:I6) -> 22814 | Q6: =SLOPE(K5:K6,I5:I6) -> 0 | R6: =INTERCEPT(K5:K6,I5:I6) -> 0 | S6: =SLOPE(L5:L6,I5:I6) -> 65.025 | T6: =INTERCEPT(L5:L6,I5:I6) -> 8092.3 | U6: =SLOPE(M5:M6,I5:I6) -> 187.5 | V6: =INTERCEPT(M5:M6,I5:I6) -> 26750
C7: ab 68 bis 190 | D7: =O7*Heizleistungsbedarf+P7 -> 24371.311 | E7: =Q7*Heizleistungsbedarf+R7 -> 0 | F7: =S7*Heizleistungsbedarf+T7 -> 8886.0328 | G7: =U7*Heizleistungsbedarf+V7 -> 26624.59 | I7: 190 | J7: 76450 | K7: 0 | L7: 19023 | M7: 62600 | O7: =SLOPE(J6:J7,I6:I7) -> 274.09836 | P7: =INTERCEPT(J6:J7,I6:I7) -> 24371.311 | Q7: =SLOPE(K6:K7,I6:I7) -> 0 | R7: =INTERCEPT(K6:K7,I6:I7) -> 0 | S7: =SLOPE(L6:L7,I6:I7) -> 53.352459 | T7: =INTERCEPT(L6:L7,I6:I7) -> 8886.0328 | U7: =SLOPE(M6:M7,I6:I7) -> 189.34426 | V7: =INTERCEPT(M6:M7,I6:I7) -> 26624.59
C8: ab 190 | D8: =O8*Heizleistungsbedarf+P8 -> 32492.581 | E8: =Q8*Heizleistungsbedarf+R8 -> 0 | F8: =S8*Heizleistungsbedarf+T8 -> 11668.161 | G8: =U8*Heizleistungsbedarf+V8 -> 32016.129 | I8: 500 | J8: 148170 | K8: 0 | L8: 31023 | M8: 112500 | O8: =SLOPE(J7:J8,I7:I8) -> 231.35484 | P8: =INTERCEPT(J7:J8,I7:I8) -> 32492.581 | Q8: =SLOPE(K7:K8,I7:I8) -> 0 | R8: =INTERCEPT(K7:K8,I7:I8) -> 0 | S8: =SLOPE(L7:L8,I7:I8) -> 38.709677 | T8: =INTERCEPT(L7:L8,I7:I8) -> 11668.161 | U8: =SLOPE(M7:M8,I7:I8) -> 160.96774 | V8: =INTERCEPT(M7:M8,I7:I8) -> 32016.129
B9: Fernwärme | C9: bis 7 | D9: =J9 -> 7260 | E9: =K9 -> 0 | F9: =L9 -> 3531 | G9: =M9 -> 25000 | I9: 7 | J9: 7260 | K9: 0 | L9: 3531 | M9: 25000
C10: ab 7 bis 28 | D10: =O10*Heizleistungsbedarf+P10 -> 7003.3333 | E10: =Q10*Heizleistungsbedarf+R10 -> 0 | F10: =S10*Heizleistungsbedarf+T10 -> 3444.6667 | G10: =U10*Heizleistungsbedarf+V10 -> 23800 | I10: 28 | J10: 8030 | K10: 0 | L10: 3790 | M10: 28600 | O10: =SLOPE(J9:J10,I9:I10) -> 36.666667 | P10: =INTERCEPT(J9:J10,I9:I10) -> 7003.3333 | Q10: =SLOPE(K9:K10,I9:I10) -> 0 | R10: =INTERCEPT(K9:K10,I9:I10) -> 0 | S10: =SLOPE(L9:L10,I9:I10) -> 12.333333 | T10: =INTERCEPT(L9:L10,I9:I10) -> 3444.6667 | U10: =SLOPE(M9:M10,I9:I10) -> 171.42857 | V10: =INTERCEPT(M9:M10,I9:I10) -> 23800
C11: ab 28 bis 68 | D11: =O11*Heizleistungsbedarf+P11 -> 2563 | E11: =Q11*Heizleistungsbedarf+R11 -> 0 | F11: =S11*Heizleistungsbedarf+T11 -> 2159 | G11: =U11*Heizleistungsbedarf+V11 -> 23700 | I11: 68 | J11: 15840 | K11: 0 | L11: 6120 | M11: 35600 | O11: =SLOPE(J10:J11,I10:I11) -> 195.25 | P11: =INTERCEPT(J10:J11,I10:I11) -> 2563 | Q11: =SLOPE(K10:K11,I10:I11) -> 0 | R11: =INTERCEPT(K10:K11,I10:I11) -> 0 | S11: =SLOPE(L10:L11,I10:I11) -> 58.25 | T11: =INTERCEPT(L10:L11,I10:I11) -> 2159 | U11: =SLOPE(M10:M11,I10:I11) -> 175 | V11: =INTERCEPT(M10:M11,I10:I11) -> 23700
C12: ab 68 bis 190 | D12: =O12*Heizleistungsbedarf+P12 -> 3822.9508 | E12: =Q12*Heizleistungsbedarf+R12 -> 0 | F12: =S12*Heizleistungsbedarf+T12 -> 3225.541 | G12: =U12*Heizleistungsbedarf+V12 -> 23727.869 | I12: 190 | J12: 37400 | K12: 0 | L12: 11313 | M12: 56900 | O12: =SLOPE(J11:J12,I11:I12) -> 176.72131 | P12: =INTERCEPT(J11:J12,I11:I12) -> 3822.9508 | Q12: =SLOPE(K11:K12,I11:I12) -> 0 | R12: =INTERCEPT(K11:K12,I11:I12) -> 0 | S12: =SLOPE(L11:L12,I11:I12) -> 42.565574 | T12: =INTERCEPT(L11:L12,I11:I12) -> 3225.541 | U12: =SLOPE(M11:M12,I11:I12) -> 174.59016 | V12: =INTERCEPT(M11:M12,I11:I12) -> 23727.869
C13: ab 190 | D13: =O13*Heizleistungsbedarf+P13 -> 11982.903 | E13: =Q13*Heizleistungsbedarf+R13 -> 0 | F13: =S13*Heizleistungsbedarf+T13 -> 6317.8387 | G13: =U13*Heizleistungsbedarf+V13 -> 23803.226 | I13: 500 | J13: 78870 | K13: 0 | L13: 19463 | M13: 110900 | O13: =SLOPE(J12:J13,I12:I13) -> 133.77419 | P13: =INTERCEPT(J12:J13,I12:I13) -> 11982.903 | Q13: =SLOPE(K12:K13,I12:I13) -> 0 | R13: =INTERCEPT(K12:K13,I12:I13) -> 0 | S13: =SLOPE(L12:L13,I12:I13) -> 26.290323 | T13: =INTERCEPT(L12:L13,I12:I13) -> 6317.8387 | U13: =SLOPE(M12:M13,I12:I13) -> 174.19355 | V13: =INTERCEPT(M12:M13,I12:I13) -> 23803.226
B14: WP-Luft (a) | C14: bis 7 | D14: 28600 | E14: 2800 | F14: 14900 | G14: 0 | I14: 7 | J14: 28600 | K14: 2750 | L14: 14924 | M14: 0
C15: ab 7 bis 28 | D15: =O15*Heizleistungsbedarf+P15 -> 21560 | E15: =Q15*Heizleistungsbedarf+R15 -> 2603.3333 | F15: =S15*Heizleistungsbedarf+T15 -> 12485.333 | G15: =U15*Heizleistungsbedarf+V15 -> 0 | I15: 28 | J15: 49720 | K15: 3190 | L15: 22240 | M15: 0 | O15: =SLOPE(J14:J15,I14:I15) -> 1005.7143 | P15: =INTERCEPT(J14:J15,I14:I15) -> 21560 | Q15: =SLOPE(K14:K15,I14:I15) -> 20.952381 | R15: =INTERCEPT(K14:K15,I14:I15) -> 2603.3333 | S15: =SLOPE(L14:L15,I14:I15) -> 348.38095 | T15: =INTERCEPT(L14:L15,I14:I15) -> 12485.333 | U15: =SLOPE(M14:M15,I14:I15) -> 0 | V15: =INTERCEPT(M14:M15,I14:I15) -> 0
C16: ab 28 bis 68 | D16: =O16*Heizleistungsbedarf+P16 -> 5060 | E16: =Q16*Heizleistungsbedarf+R16 -> 1573 | F16: =S16*Heizleistungsbedarf+T16 -> 9299.8 | G16: =U16*Heizleistungsbedarf+V16 -> 0 | I16: 68 | J16: 113520 | K16: 5500 | L16: 40726 | M16: 0 | O16: =SLOPE(J15:J16,I15:I16) -> 1595 | P16: =INTERCEPT(J15:J16,I15:I16) -> 5060 | Q16: =SLOPE(K15:K16,I15:I16) -> 57.75 | R16: =INTERCEPT(K15:K16,I15:I16) -> 1573 | S16: =SLOPE(L15:L16,I15:I16) -> 462.15 | T16: =INTERCEPT(L15:L16,I15:I16) -> 9299.8 | U16: =SLOPE(M15:M16,I15:I16) -> 0 | V16: =INTERCEPT(M15:M16,I15:I16) -> 0
C17: ab 68 bis 190 | D17: =O17*Heizleistungsbedarf+P17 -> 10884.59 | E17: =Q17*Heizleistungsbedarf+R17 -> 5500 | F17: =S17*Heizleistungsbedarf+T17 -> 16651.213 | G17: =U17*Heizleistungsbedarf+V17 -> 0 | I17: 190 | J17: 297660 | K17: 5500 | L17: 83919 | M17: 0 | O17: =SLOPE(J16:J17,I16:I17) -> 1509.3443 | P17: =INTERCEPT(J16:J17,I16:I17) -> 10884.59 | Q17: =SLOPE(K16:K17,I16:I17) -> 0 | R17: =INTERCEPT(K16:K17,I16:I17) -> 5500 | S17: =SLOPE(L16:L17,I16:I17) -> 354.04098 | T17: =INTERCEPT(L16:L17,I16:I17) -> 16651.213 | U17: =SLOPE(M16:M17,I16:I17) -> 0 | V17: =INTERCEPT(M16:M17,I16:I17) -> 0
C18: ab 190 | D18: =D17 -> 10884.59 | E18: =E17 -> 5500 | F18: =F17 -> 16651.213 | G18: =G17 -> 0
B19: WP-Luft (i) | C19: bis 7 | D19: 35600 | E19: 9900 | F19: 17500 | G19: 0 | I19: 7 | J19: 35530 | K19: 9900 | L19: 17443 | M19: 0
C20: ab 7 bis 28 | D20: =O20*Heizleistungsbedarf+P20 -> 29920 | E20: =Q20*Heizleistungsbedarf+R20 -> 9643.3333 | F20: =S20*Heizleistungsbedarf+T20 -> 15560 | G20: =U20*Heizleistungsbedarf+V20 -> 0 | I20: 28 | J20: 52360 | K20: 10670 | L20: 23092 | M20: 0 | O20: =SLOPE(J19:J20,I19:I20) -> 801.42857 | P20: =INTERCEPT(J19:J20,I19:I20) -> 29920 | Q20: =SLOPE(K19:K20,I19:I20) -> 36.666667 | R20: =INTERCEPT(K19:K20,I19:I20) -> 9643.3333 | S20: =SLOPE(L19:L20,I19:I20) -> 269 | T20: =INTERCEPT(L19:L20,I19:I20) -> 15560 | U20: =SLOPE(M19:M20,I19:I20) -> 0 | V20: =INTERCEPT(M19:M20,I19:I20) -> 0
C21: ab 28 bis 68 | D21: =O21*Heizleistungsbedarf+P21 -> -1309 | E21: =Q21*Heizleistungsbedarf+R21 -> 6589 | F21: =S21*Heizleistungsbedarf+T21 -> 7908.3 | G21: =U21*Heizleistungsbedarf+V21 -> 0 | I21: 68 | J21: 129030 | K21: 16500 | L21: 44783 | M21: 0 | O21: =SLOPE(J20:J21,I20:I21) -> 1916.75 | P21: =INTERCEPT(J20:J21,I20:I21) -> -1309 | Q21: =SLOPE(K20:K21,I20:I21) -> 145.75 | R21: =INTERCEPT(K20:K21,I20:I21) -> 6589 | S21: =SLOPE(L20:L21,I20:I21) -> 542.275 | T21: =INTERCEPT(L20:L21,I20:I21) -> 7908.3 | U21: =SLOPE(M20:M21,I20:I21) -> 0 | V21: =INTERCEPT(M20:M21,I20:I21) -> 0
C22: ab 68 bis 190 | D22: =O22*Heizleistungsbedarf+P22 -> 20631.311 | E22: =Q22*Heizleistungsbedarf+R22 -> 18339.344 | F22: =S22*Heizleistungsbedarf+T22 -> 19908.377 | G22: =U22*Heizleistungsbedarf+V22 -> 0 | I22: 190 | J22: 323510 | K22: 13200 | L22: 89411 | M22: 0 | O22: =SLOPE(J21:J22,I21:I22) -> 1594.0984 | P22: =INTERCEPT(J21:J22,I21:I22) -> 20631.311 | Q22: =SLOPE(K21:K22,I21:I22) -> -27.04918 | R22: =INTERCEPT(K21:K22,I21:I22) -> 18339.344 | S22: =SLOPE(L21:L22,I21:I22) -> 365.80328 | T22: =INTERCEPT(L21:L22,I21:I22) -> 19908.377 | U22: =SLOPE(M21:M22,I21:I22) -> 0 | V22: =INTERCEPT(M21:M22,I21:I22) -> 0
C23: ab 190 | D23: =D22 -> 20631.311 | E23: =E22 -> 18339.344 | F23: =F22 -> 19908.377 | G23: =G22 -> 0 | I23: 500
B24: WP-Sonde | C24: bis 7 | D24: 29400 | E24: 1100 | F24: 18100 | G24: 14400 | I24: 7 | J24: 29400 | K24: 1100 | L24: 18100 | M24: 14400
C25: ab 7 bis 28 | D25: =O25*Heizleistungsbedarf+P25 -> 16466.667 | E25: =Q25*Heizleistungsbedarf+R25 -> 1100 | F25: =S25*Heizleistungsbedarf+T25 -> 11900 | G25: =U25*Heizleistungsbedarf+V25 -> 4433.3333 | I25: 28 | J25: 68200 | K25: 1100 | L25: 36700 | M25: 44300 | O25: =SLOPE(J24:J25,I24:I25) -> 1847.619 | P25: =INTERCEPT(J24:J25,I24:I25) -> 16466.667 | Q25: =SLOPE(K24:K25,I24:I25) -> 0 | R25: =INTERCEPT(K24:K25,I24:I25) -> 1100 | S25: =SLOPE(L24:L25,I24:I25) -> 885.71429 | T25: =INTERCEPT(L24:L25,I24:I25) -> 11900 | U25: =SLOPE(M24:M25,I24:I25) -> 1423.8095 | V25: =INTERCEPT(M24:M25,I24:I25) -> 4433.3333
C26: ab 28 bis 68 | D26: =O26*Heizleistungsbedarf+P26 -> 37610 | E26: =Q26*Heizleistungsbedarf+R26 -> 680 | F26: =S26*Heizleistungsbedarf+T26 -> 22070 | G26: =U26*Heizleistungsbedarf+V26 -> 9580 | I26: 68 | J26: 111900 | K26: 1700 | L26: 57600 | M26: 93900 | O26: =SLOPE(J25:J26,I25:I26) -> 1092.5 | P26: =INTERCEPT(J25:J26,I25:I26) -> 37610 | Q26: =SLOPE(K25:K26,I25:I26) -> 15 | R26: =INTERCEPT(K25:K26,I25:I26) -> 680 | S26: =SLOPE(L25:L26,I25:I26) -> 522.5 | T26: =INTERCEPT(L25:L26,I25:I26) -> 22070 | U26: =SLOPE(M25:M26,I25:I26) -> 1240 | V26: =INTERCEPT(M25:M26,I25:I26) -> 9580
C27: ab 68 bis 190 | D27: =O27*Heizleistungsbedarf+P27 -> 12240.984 | E27: =Q27*Heizleistungsbedarf+R27 -> 1421.3115 | F27: =S27*Heizleistungsbedarf+T27 -> 21872.131 | G27: =U27*Heizleistungsbedarf+V27 -> 4385.2459 | I27: 190 | J27: 290700 | K27: 2200 | L27: 121700 | M27: 254500 | O27: =SLOPE(J26:J27,I26:I27) -> 1465.5738 | P27: =INTERCEPT(J26:J27,I26:I27) -> 12240.984 | Q27: =SLOPE(K26:K27,I26:I27) -> 4.0983607 | R27: =INTERCEPT(K26:K27,I26:I27) -> 1421.3115 | S27: =SLOPE(L26:L27,I26:I27) -> 525.40984 | T27: =INTERCEPT(L26:L27,I26:I27) -> 21872.131 | U27: =SLOPE(M26:M27,I26:I27) -> 1316.3934 | V27: =INTERCEPT(M26:M27,I26:I27) -> 4385.2459
C28: ab 190 | D28: =O28*Heizleistungsbedarf+P28 -> 181909.68 | E28: =Q28*Heizleistungsbedarf+R28 -> 177.41935 | F28: =S28*Heizleistungsbedarf+T28 -> 67274.194 | G28: =U28*Heizleistungsbedarf+V28 -> 13629.032 | I28: 500 | J28: 468200 | K28: 5500 | L28: 210500 | M28: 647500 | O28: =SLOPE(J27:J28,I27:I28) -> 572.58065 | P28: =INTERCEPT(J27:J28,I27:I28) -> 181909.68 | Q28: =SLOPE(K27:K28,I27:I28) -> 10.645161 | R28: =INTERCEPT(K27:K28,I27:I28) -> 177.41935 | S28: =SLOPE(L27:L28,I27:I28) -> 286.45161 | T28: =INTERCEPT(L27:L28,I27:I28) -> 67274.194 | U28: =SLOPE(M27:M28,I27:I28) -> 1267.7419 | V28: =INTERCEPT(M27:M28,I27:I28) -> 13629.032
B29: WP-Wasser | C29: bis 7 | D29: K.A. | E29: K.A. | F29: K.A. | G29: 0 | I29: 7 | M29: 0
C30: ab 7 bis 28 | D30: K.A. | E30: K.A. | F30: K.A. | G30: 0 | I30: 28 | M30: 0
C31: ab 28 bis 68 | D31: K.A. | E31: K.A. | F31: K.A. | G31: 0 | I31: 68 | M31: 0
C32: ab 68 bis 190 | D32: K.A. | E32: K.A. | F32: K.A. | G32: 0 | I32: 190 | J32: 394570 | K32: 46200 | L32: 104068 | M32: 0
C33: ab 190 | D33: =O33*Heizleistungsbedarf+P33 -> 271125.16 | E33: =Q33*Heizleistungsbedarf+R33 -> 34064.516 | F33: =S33*Heizleistungsbedarf+T33 -> 80167.839 | G33: =U33*Heizleistungsbedarf+V33 -> 0 | I33: 500 | J33: 595980 | K33: 66000 | L33: 143063 | M33: 0 | O33: =SLOPE(J32:J33,I32:I33) -> 649.70968 | P33: =INTERCEPT(J32:J33,I32:I33) -> 271125.16 | Q33: =SLOPE(K32:K33,I32:I33) -> 63.870968 | R33: =INTERCEPT(K32:K33,I32:I33) -> 34064.516 | S33: =SLOPE(L32:L33,I32:I33) -> 125.79032 | T33: =INTERCEPT(L32:L33,I32:I33) -> 80167.839 | U33: =SLOPE(M32:M33,I32:I33) -> 0 | V33: =INTERCEPT(M32:M33,I32:I33) -> 0
B34: Holz-Pellets | C34: bis 7 | D34: =ROUND(J34,-2) -> 35200 | E34: =ROUND(K34,-2) -> 2200 | F34: =ROUND(L34,-2) -> 17300 | G34: =ROUND(M34,-2) -> 0 | I34: 7 | J34: 35200 | K34: 2200 | L34: 17326.313 | M34: 0
C35: ab 7 bis 28 | D35: =O35*Heizleistungsbedarf+P35 -> 25776.667 | E35: =Q35*Heizleistungsbedarf+R35 -> 2200 | F35: =S35*Heizleistungsbedarf+T35 -> 14246.75 | G35: =U35*Heizleistungsbedarf+V35 -> 0 | I35: 28 | J35: 63470 | K35: 2200 | L35: 26565 | M35: 0 | O35: =SLOPE(J34:J35,I34:I35) -> 1346.1905 | P35: =INTERCEPT(J34:J35,I34:I35) -> 25776.667 | Q35: =SLOPE(K34:K35,I34:I35) -> 0 | R35: =INTERCEPT(K34:K35,I34:I35) -> 2200 | S35: =SLOPE(L34:L35,I34:I35) -> 439.93749 | T35: =INTERCEPT(L34:L35,I34:I35) -> 14246.75 | U35: =SLOPE(M34:M35,I34:I35) -> 0 | V35: =INTERCEPT(M34:M35,I34:I35) -> 0
C36: ab 28 bis 68 | D36: =O36*Heizleistungsbedarf+P36 -> 34364 | E36: =Q36*Heizleistungsbedarf+R36 -> 1815 | F36: =S36*Heizleistungsbedarf+T36 -> 18241.3 | G36: =U36*Heizleistungsbedarf+V36 -> 0 | I36: 68 | J36: 105050 | K36: 2750 | L36: 38456 | M36: 0 | O36: =SLOPE(J35:J36,I35:I36) -> 1039.5 | P36: =INTERCEPT(J35:J36,I35:I36) -> 34364 | Q36: =SLOPE(K35:K36,I35:I36) -> 13.75 | R36: =INTERCEPT(K35:K36,I35:I36) -> 1815 | S36: =SLOPE(L35:L36,I35:I36) -> 297.275 | T36: =INTERCEPT(L35:L36,I35:I36) -> 18241.3 | U36: =SLOPE(M35:M36,I35:I36) -> 0 | V36: =INTERCEPT(M35:M36,I35:I36) -> 0
C37: ab 68 bis 190 | D37: =O37*Heizleistungsbedarf+P37 -> -10951.311 | E37: =Q37*Heizleistungsbedarf+R37 -> 1217.2131 | F37: =S37*Heizleistungsbedarf+T37 -> 11272.721 | G37: =U37*Heizleistungsbedarf+V37 -> 0 | I37: 190 | J37: 313170 | K37: 5500 | L37: 87226 | M37: 0 | O37: =SLOPE(J36:J37,I36:I37) -> 1705.9016 | P37: =INTERCEPT(J36:J37,I36:I37) -> -10951.311 | Q37: =SLOPE(K36:K37,I36:I37) -> 22.540984 | R37: =INTERCEPT(K36:K37,I36:I37) -> 1217.2131 | S37: =SLOPE(L36:L37,I36:I37) -> 399.7541 | T37: =INTERCEPT(L36:L37,I36:I37) -> 11272.721 | U37: =SLOPE(M36:M37,I36:I37) -> 0 | V37: =INTERCEPT(M36:M37,I36:I37) -> 0
C38: ab 190 | D38: =O38*Heizleistungsbedarf+P38 -> 142464.19 | E38: =Q38*Heizleistungsbedarf+R38 -> 4151.6129 | F38: =S38*Heizleistungsbedarf+T38 -> 53493.645 | G38: =U38*Heizleistungsbedarf+V38 -> 0 | I38: 500 | J38: 591690 | K38: 7700 | L38: 142263 | M38: 0 | O38: =SLOPE(J37:J38,I37:I38) -> 898.45161 | P38: =INTERCEPT(J37:J38,I37:I38) -> 142464.19 | Q38: =SLOPE(K37:K38,I37:I38) -> 7.0967742 | R38: =INTERCEPT(K37:K38,I37:I38) -> 4151.6129 | S38: =SLOPE(L37:L38,I37:I38) -> 177.53871 | T38: =INTERCEPT(L37:L38,I37:I38) -> 53493.645 | U38: =SLOPE(M37:M38,I37:I38) -> 0 | V38: =INTERCEPT(M37:M38,I37:I38) -> 0
B39: Holz-Schnitzel | C39: bis 7 | D39: K.A. | E39: K.A. | F39: K.A. | G39: 0 | I39: 7 | M39: 0
C40: ab 7 bis 28 | D40: K.A. | E40: K.A. | F40: K.A. | G40: 0 | I40: 28 | J40: 63470 | K40: 2200 | L40: 26565 | M40: 0
C41: ab 28 bis 68 | D41: =O41*Heizleistungsbedarf+P41 -> 26664 | E41: =Q41*Heizleistungsbedarf+R41 -> 1045 | F41: =S41*Heizleistungsbedarf+T41 -> 16183.3 | G41: =U41*Heizleistungsbedarf+V41 -> 0 | I41: 68 | J41: 116050 | K41: 3850 | L41: 41396 | M41: 0 | O41: =SLOPE(J40:J41,I40:I41) -> 1314.5 | P41: =INTERCEPT(J40:J41,I40:I41) -> 26664 | Q41: =SLOPE(K40:K41,I40:I41) -> 41.25 | R41: =INTERCEPT(K40:K41,I40:I41) -> 1045 | S41: =SLOPE(L40:L41,I40:I41) -> 370.775 | T41: =INTERCEPT(L40:L41,I40:I41) -> 16183.3 | U41: =SLOPE(M40:M41,I40:I41) -> 0 | V41: =INTERCEPT(M40:M41,I40:I41) -> 0
C42: ab 68 bis 190 | D42: =O42*Heizleistungsbedarf+P42 -> -51452.951 | E42: =Q42*Heizleistungsbedarf+R42 -> 2930.3279 | F42: =S42*Heizleistungsbedarf+T42 -> 3997.6721 | G42: =U42*Heizleistungsbedarf+V42 -> 0 | I42: 190 | J42: 416570 | K42: 5500 | L42: 108493 | M42: 0 | O42: =SLOPE(J41:J42,I41:I42) -> 2463.2787 | P42: =INTERCEPT(J41:J42,I41:I42) -> -51452.951 | Q42: =SLOPE(K41:K42,I41:I42) -> 13.52459 | R42: =INTERCEPT(K41:K42,I41:I42) -> 2930.3279 | S42: =SLOPE(L41:L42,I41:I42) -> 549.97541 | T42: =INTERCEPT(L41:L42,I41:I42) -> 3997.6721 | U42: =SLOPE(M41:M42,I41:I42) -> 0 | V42: =INTERCEPT(M41:M42,I41:I42) -> 0
C43: ab 190 | D43: =O43*Heizleistungsbedarf+P43 -> 164286.77 | E43: =Q43*Heizleistungsbedarf+R43 -> 4151.6129 | F43: =S43*Heizleistungsbedarf+T43 -> 61621.839 | G43: =U43*Heizleistungsbedarf+V43 -> 0 | I43: 500 | J43: 828190 | K43: 7700 | L43: 184967 | M43: 0 | O43: =SLOPE(J42:J43,I42:I43) -> 1327.8065 | P43: =INTERCEPT(J42:J43,I42:I43) -> 164286.77 | Q43: =SLOPE(K42:K43,I42:I43) -> 7.0967742 | R43: =INTERCEPT(K42:K43,I42:I43) -> 4151.6129 | S43: =SLOPE(L42:L43,I42:I43) -> 246.69032 | T43: =INTERCEPT(L42:L43,I42:I43) -> 61621.839 | U43: =SLOPE(M42:M43,I42:I43) -> 0 | V43: =INTERCEPT(M42:M43,I42:I43) -> 0
B44: Stückholzheizung | C44: bis 7 | D44: =ROUND(J44,-2) -> 35200 | E44: =ROUND(K44,-2) -> 2200 | F44: =ROUND(L44,-2) -> 17300 | G44: =ROUND(M44,-2) -> 0 | I44: 7 | J44: 35200 | K44: 2200 | L44: 17326.313 | M44: 0
C45: ab 7 bis 28 | D45: =O45*Heizleistungsbedarf+P45 -> 25776.667 | E45: =Q45*Heizleistungsbedarf+R45 -> 2200 | F45: =S45*Heizleistungsbedarf+T45 -> 14246.75 | G45: =U45*Heizleistungsbedarf+V45 -> 0 | I45: 28 | J45: 63470 | K45: 2200 | L45: 26565 | M45: 0 | O45: =SLOPE(J44:J45,I44:I45) -> 1346.1905 | P45: =INTERCEPT(J44:J45,I44:I45) -> 25776.667 | Q45: =SLOPE(K44:K45,I44:I45) -> 0 | R45: =INTERCEPT(K44:K45,I44:I45) -> 2200 | S45: =SLOPE(L44:L45,I44:I45) -> 439.93749 | T45: =INTERCEPT(L44:L45,I44:I45) -> 14246.75 | U45: =SLOPE(M44:M45,I44:I45) -> 0 | V45: =INTERCEPT(M44:M45,I44:I45) -> 0
C46: ab 28 bis 68 | D46: =O46*Heizleistungsbedarf+P46 -> 34364 | E46: =Q46*Heizleistungsbedarf+R46 -> 1815 | F46: =S46*Heizleistungsbedarf+T46 -> 18241.3 | G46: =U46*Heizleistungsbedarf+V46 -> 0 | I46: 68 | J46: 105050 | K46: 2750 | L46: 38456 | M46: 0 | O46: =SLOPE(J45:J46,I45:I46) -> 1039.5 | P46: =INTERCEPT(J45:J46,I45:I46) -> 34364 | Q46: =SLOPE(K45:K46,I45:I46) -> 13.75 | R46: =INTERCEPT(K45:K46,I45:I46) -> 1815 | S46: =SLOPE(L45:L46,I45:I46) -> 297.275 | T46: =INTERCEPT(L45:L46,I45:I46) -> 18241.3 | U46: =SLOPE(M45:M46,I45:I46) -> 0 | V46: =INTERCEPT(M45:M46,I45:I46) -> 0
C47: ab 68 bis 190 | D47: =O47*Heizleistungsbedarf+P47 -> -10951.311 | E47: =Q47*Heizleistungsbedarf+R47 -> 1217.2131 | F47: =S47*Heizleistungsbedarf+T47 -> 11272.721 | G47: =U47*Heizleistungsbedarf+V47 -> 0 | I47: 190 | J47: 313170 | K47: 5500 | L47: 87226 | M47: 0 | O47: =SLOPE(J46:J47,I46:I47) -> 1705.9016 | P47: =INTERCEPT(J46:J47,I46:I47) -> -10951.311 | Q47: =SLOPE(K46:K47,I46:I47) -> 22.540984 | R47: =INTERCEPT(K46:K47,I46:I47) -> 1217.2131 | S47: =SLOPE(L46:L47,I46:I47) -> 399.7541 | T47: =INTERCEPT(L46:L47,I46:I47) -> 11272.721 | U47: =SLOPE(M46:M47,I46:I47) -> 0 | V47: =INTERCEPT(M46:M47,I46:I47) -> 0
C48: ab 190 | D48: =O48*Heizleistungsbedarf+P48 -> 142464.19 | E48: =Q48*Heizleistungsbedarf+R48 -> 4151.6129 | F48: =S48*Heizleistungsbedarf+T48 -> 53493.645 | G48: =U48*Heizleistungsbedarf+V48 -> 0 | I48: 500 | J48: 591690 | K48: 7700 | L48: 142263 | M48: 0 | O48: =SLOPE(J47:J48,I47:I48) -> 898.45161 | P48: =INTERCEPT(J47:J48,I47:I48) -> 142464.19 | Q48: =SLOPE(K47:K48,I47:I48) -> 7.0967742 | R48: =INTERCEPT(K47:K48,I47:I48) -> 4151.6129 | S48: =SLOPE(L47:L48,I47:I48) -> 177.53871 | T48: =INTERCEPT(L47:L48,I47:I48) -> 53493.645 | U48: =SLOPE(M47:M48,I47:I48) -> 0 | V48: =INTERCEPT(M47:M48,I47:I48) -> 0
B49: Oelheizung | C49: bis 7 | D49: =ROUND(J49,-2) -> 36000 | E49: =ROUND(K49,-1) -> 550 | F49: =ROUND(L49,-2) -> 11000 | G49: =ROUND(M49,-2) -> 0 | I49: 7 | J49: 35970 | K49: 550 | L49: 10999 | M49: 0
C50: ab 7 bis 28 | D50: =O50*Heizleistungsbedarf+P50 -> 33623.333 | E50: =Q50*Heizleistungsbedarf+R50 -> 550 | F50: =S50*Heizleistungsbedarf+T50 -> 10494 | G50: =U50*Heizleistungsbedarf+V50 -> 0 | I50: 28 | J50: 43010 | K50: 550 | L50: 12514 | M50: 0 | O50: =SLOPE(J49:J50,I49:I50) -> 335.2381 | P50: =INTERCEPT(J49:J50,I49:I50) -> 33623.333 | Q50: =SLOPE(K49:K50,I49:I50) -> 0 | R50: =INTERCEPT(K49:K50,I49:I50) -> 550 | S50: =SLOPE(L49:L50,I49:I50) -> 72.142857 | T50: =INTERCEPT(L49:L50,I49:I50) -> 10494 | U50: =SLOPE(M49:M50,I49:I50) -> 0 | V50: =INTERCEPT(M49:M50,I49:I50) -> 0
C51: ab 28 bis 68 | D51: =O51*Heizleistungsbedarf+P51 -> 21527 | E51: =Q51*Heizleistungsbedarf+R51 -> 319 | F51: =S51*Heizleistungsbedarf+T51 -> 8310.5 | G51: =U51*Heizleistungsbedarf+V51 -> 0 | I51: 68 | J51: 73700 | K51: 880 | L51: 18519 | M51: 0 | O51: =SLOPE(J50:J51,I50:I51) -> 767.25 | P51: =INTERCEPT(J50:J51,I50:I51) -> 21527 | Q51: =SLOPE(K50:K51,I50:I51) -> 8.25 | R51: =INTERCEPT(K50:K51,I50:I51) -> 319 | S51: =SLOPE(L50:L51,I50:I51) -> 150.125 | T51: =INTERCEPT(L50:L51,I50:I51) -> 8310.5 | U51: =SLOPE(M50:M51,I50:I51) -> 0 | V51: =INTERCEPT(M50:M51,I50:I51) -> 0
C52: ab 68 bis 190 | D52: =O52*Heizleistungsbedarf+P52 -> 47703.934 | E52: =Q52*Heizleistungsbedarf+R52 -> 757.37705 | F52: =S52*Heizleistungsbedarf+T52 -> 14027.098 | G52: =U52*Heizleistungsbedarf+V52 -> 0 | I52: 190 | J52: 120340 | K52: 1100 | L52: 26578 | M52: 0 | O52: =SLOPE(J51:J52,I51:I52) -> 382.29508 | P52: =INTERCEPT(J51:J52,I51:I52) -> 47703.934 | Q52: =SLOPE(K51:K52,I51:I52) -> 1.8032787 | R52: =INTERCEPT(K51:K52,I51:I52) -> 757.37705 | S52: =SLOPE(L51:L52,I51:I52) -> 66.057377 | T52: =INTERCEPT(L51:L52,I51:I52) -> 14027.098 | U52: =SLOPE(M51:M52,I51:I52) -> 0 | V52: =INTERCEPT(M51:M52,I51:I52) -> 0
C53: ab 190 | D53: =O53*Heizleistungsbedarf+P53 -> 37279.355 | E53: =Q53*Heizleistungsbedarf+R53 -> -585.48387 | F53: =S53*Heizleistungsbedarf+T53 -> 14207.774 | G53: =U53*Heizleistungsbedarf+V53 -> 0 | I53: 500 | J53: 255860 | K53: 3850 | L53: 46761 | M53: 0 | O53: =SLOPE(J52:J53,I52:I53) -> 437.16129 | P53: =INTERCEPT(J52:J53,I52:I53) -> 37279.355 | Q53: =SLOPE(K52:K53,I52:I53) -> 8.8709677 | R53: =INTERCEPT(K52:K53,I52:I53) -> -585.48387 | S53: =SLOPE(L52:L53,I52:I53) -> 65.106452 | T53: =INTERCEPT(L52:L53,I52:I53) -> 14207.774 | U53: =SLOPE(M52:M53,I52:I53) -> 0 | V53: =INTERCEPT(M52:M53,I52:I53) -> 0
B54: Gasheizung | C54: bis 7 | D54: =ROUND(J54,-2) -> 26400 | E54: =ROUND(K54,-1) -> 550 | F54: =ROUND(L54,-2) -> 8800 | G54: =ROUND(M54,-2) -> 0 | I54: 7 | J54: 26400 | K54: 550 | L54: 8808 | M54: 0
C55: ab 7 bis 28 | D55: =O55*Heizleistungsbedarf+P55 -> 24970 | E55: =Q55*Heizleistungsbedarf+R55 -> 550 | F55: =S55*Heizleistungsbedarf+T55 -> 8473.3333 | G55: =U55*Heizleistungsbedarf+V55 -> 0 | I55: 28 | J55: 30690 | K55: 550 | L55: 9812 | M55: 0 | O55: =SLOPE(J54:J55,I54:I55) -> 204.28571 | P55: =INTERCEPT(J54:J55,I54:I55) -> 24970 | Q55: =SLOPE(K54:K55,I54:I55) -> 0 | R55: =INTERCEPT(K54:K55,I54:I55) -> 550 | S55: =SLOPE(L54:L55,I54:I55) -> 47.809524 | T55: =INTERCEPT(L54:L55,I54:I55) -> 8473.3333 | U55: =SLOPE(M54:M55,I54:I55) -> 0 | V55: =INTERCEPT(M54:M55,I54:I55) -> 0
C56: ab 28 bis 68 | D56: =O56*Heizleistungsbedarf+P56 -> 14674 | E56: =Q56*Heizleistungsbedarf+R56 -> 319 | F56: =S56*Heizleistungsbedarf+T56 -> 6408.6 | G56: =U56*Heizleistungsbedarf+V56 -> 0 | I56: 68 | J56: 53570 | K56: 880 | L56: 14674 | M56: 0 | O56: =SLOPE(J55:J56,I55:I56) -> 572 | P56: =INTERCEPT(J55:J56,I55:I56) -> 14674 | Q56: =SLOPE(K55:K56,I55:I56) -> 8.25 | R56: =INTERCEPT(K55:K56,I55:I56) -> 319 | S56: =SLOPE(L55:L56,I55:I56) -> 121.55 | T56: =INTERCEPT(L55:L56,I55:I56) -> 6408.6 | U56: =SLOPE(M55:M56,I55:I56) -> 0 | V56: =INTERCEPT(M55:M56,I55:I56) -> 0
C57: ab 68 bis 190 | D57: =O57*Heizleistungsbedarf+P57 -> 22485.082 | E57: =Q57*Heizleistungsbedarf+R57 -> 757.37705 | F57: =S57*Heizleistungsbedarf+T57 -> 9053.9672 | G57: =U57*Heizleistungsbedarf+V57 -> 0 | I57: 190 | J57: 109340 | K57: 1100 | L57: 24757 | M57: 0 | O57: =SLOPE(J56:J57,I56:I57) -> 457.13115 | P57: =INTERCEPT(J56:J57,I56:I57) -> 22485.082 | Q57: =SLOPE(K56:K57,I56:I57) -> 1.8032787 | R57: =INTERCEPT(K56:K57,I56:I57) -> 757.37705 | S57: =SLOPE(L56:L57,I56:I57) -> 82.647541 | T57: =INTERCEPT(L56:L57,I56:I57) -> 9053.9672 | U57: =SLOPE(M56:M57,I56:I57) -> 0 | V57: =INTERCEPT(M56:M57,I56:I57) -> 0
C58: ab 190 | D58: =O58*Heizleistungsbedarf+P58 -> 44280.323 | E58: =Q58*Heizleistungsbedarf+R58 -> -585.48387 | F58: =S58*Heizleistungsbedarf+T58 -> 14755.645 | G58: =U58*Heizleistungsbedarf+V58 -> 0 | I58: 500 | J58: 215490 | K58: 3850 | L58: 41075 | M58: 0 | O58: =SLOPE(J57:J58,I57:I58) -> 342.41935 | P58: =INTERCEPT(J57:J58,I57:I58) -> 44280.323 | Q58: =SLOPE(K57:K58,I57:I58) -> 8.8709677 | R58: =INTERCEPT(K57:K58,I57:I58) -> -585.48387 | S58: =SLOPE(L57:L58,I57:I58) -> 52.63871 | T58: =INTERCEPT(L57:L58,I57:I58) -> 14755.645 | U58: =SLOPE(M57:M58,I57:I58) -> 0 | V58: =INTERCEPT(M57:M58,I57:I58) -> 0
B59: WP-Absorpt. | C59: bis 7 | D59: K.A. | E59: K.A. | F59: K.A. | G59: K.A. | I59: 7
C60: ab 7 bis 28 | D60: K.A. | E60: K.A. | F60: K.A. | G60: K.A. | I60: 28
C61: ab 28 bis 68 | D61: K.A. | E61: K.A. | F61: K.A. | G61: K.A. | I61: 68
C62: ab 68 bis 190 | D62: K.A. | E62: K.A. | F62: K.A. | G62: K.A. | I62: 190
C63: ab 190 | D63: K.A. | E63: K.A. | F63: K.A. | G63: K.A. | I63: 500
B64: WP-Zeolyth | C64: bis 7 | D64: K.A. | E64: K.A. | F64: K.A. | G64: K.A. | I64: 7
C65: ab 7 bis 28 | D65: K.A. | E65: K.A. | F65: K.A. | G65: K.A. | I65: 28
C66: ab 28 bis 68 | D66: K.A. | E66: K.A. | F66: K.A. | G66: K.A. | I66: 68
C67: ab 68 bis 190 | D67: K.A. | E67: K.A. | F67: K.A. | G67: K.A. | I67: 190
C68: ab 190 | D68: K.A. | E68: K.A. | F68: K.A. | G68: K.A. | I68: 500

Sheet 3.5 Förderbeitrag (Kanton)
A1: 3.5 Voraussichtlicher Förderbeitrag (Kanton)
A3: Fernwärme | B3: bis 70 kWth [Fr.] | C3: bis 70 kWth [Fr. pro kWth] | D3: ab 70 kWth [Fr.] | E3: ab 70 kWth [Fr. pro kWth] | F3: ab 500 kWth [Fr.] | G3: ab 500 kWth [Fr. pro kWth]
B4: 4000 | C4: 20 | D4: 8000 | E4: 40 | F4: 18000 | G4: 20
A5: WP-Luft | B5: bis 20 kWth [Fr.] | C5: bis 20 kWth [Fr. pro kWth] | D5: ab 20 kWth [Fr.] | E5: ab 20 kWth [Fr. pro zusätzliches kWth] | F5: ab 70 kWth [Fr.] | G5: ab 70 kWth [Fr. pro kWth]
B6: 3000 | C6: 0 | D6: 3000 | E6: 60 | F6: 3200 | G6: 120
A7: WP-Sonde / WP-Wasser | B7: bis 30 kWth [Fr.] | C7: bis 30 kWth [Fr. pro kWth] | D7: ab 30 kWth [Fr.] | E7: ab 30 kWth [Fr. pro zusätzliches kWth] | F7: ab 70 kWth [Fr.] | G7: ab 70 kWth [Fr. pro kWth] | H7: ab 500 kWth [Fr.] | I7: ab 500 kWth [Fr. pro kWth]
B8: 8000 | C8: 0 | D8: 8000 | E8: 180 | F8: 4800 | G8: 360 | H8: 84800 | I8: 200
A9: Holz-Pellets / Holz-Schnitzel | B9: bis 30 kWth [Fr.] | C9: bis 30 kWth [Fr. pro kWth] | D9: ab 30 kWth [Fr.] | E9: ab 30 kWth [Fr. pro zusätzliches kWth] | F9: ab 70 kWth [Fr.] | G9: ab 70 kWth [Fr. pro kWth] | H9: ab 500 kWth [Fr.] | I9: ab 500 kWth [Fr. pro kWth]
B10: 6000 | C10: 0 | D10: 6000 | E10: 100 | F10: 0 | G10: 360 | H10: 80000 | I10: 200
A11: Stückholzheizung | B11: Pauschal [Fr.]
B12: 4000

Sheet 5.1 Raumbedarf
A1: 5.1 | B1: Raumbedarf SIA 384/1 [m3]
B3: Heizleistungsbedarf [kW] | C3: =Heizleistungsbedarf -> 0
B4: Nutzenergiebedarf [kWh] | C4: =NEB
B5: Faktor für Umrechnung Raumbedarf Gasheizung zu Fernwärme, WP-Luft (a), WP-Wasser, WP-Sonde | C5: 0.75
B7: Fernwärme, WP-Luft (a), WP-Sonde, WP-Wasser (einheitlich zur Vereinfachung)
B8: Heizleistung [kW] | C8: Formel | D8: Raumbedarf [m3]
B9: < 25 | C9: = Faktor * Raumbedarf Gasheizung | D9: =Faktor*D52 -> 18
B10: 25-50 | C10: = Faktor * Raumbedarf Gasheizung | D10: =Faktor*D53 -> 9
B11: 50-70 | C11: = Faktor * Raumbedarf Gasheizung | D11: =Faktor*D54 -> 18
B12: 70-100 | C12: = Faktor * Raumbedarf Gasheizung | D12: =Faktor*D55 -> 21
B13: 100-250 | C13: = Faktor * Raumbedarf Gasheizung | D13: =Faktor*D56 -> 27.9993
B14: 250-500 | C14: = Faktor * Raumbedarf Gasheizung | D14: =Faktor*D57 -> 31.5
B15: > 500 | C15: = Faktor * Raumbedarf Gasheizung | D15: =Faktor*D58 -> 33.75
B17: WP-Luft (i)
B18: Heizleistung [kW] | C18: Formel | D18: Raumbedarf [m3]
B19: < 25 | C19: = 15 * 2.4 | D19: =15*2.4 -> 36
B20: 25-50 | C20: = (0.4 * Heizleistung + 5) * 2.4 | D20: =(0.4*Heizleistungsbedarf+5)*2.4 -> 12
B21: 50-70 | C21: = (0.2 * Heizleistung + 15) * 2.4 | D21: =(0.2*Heizleistungsbedarf+15)*2.4 -> 36
B22: 70-100 | C22: = (0.2 * Heizleistung + 15) * 2.8 | D22: =(0.2*Heizleistungsbedarf+15)*2.8 -> 42
B23: 100-250 | C23: = (0.1667 * Heizleistung + 18.333) * 3 | D23: =(0.1667*Heizleistungsbedarf+18.333)*3 -> 54.999
B24: >250 | C24: = (0.16 * Heizleistung + 20) * 3.5 | D24: =(0.16*Heizleistungsbedarf+20)*3.5 -> 70
B27: Holz-Pellets
B28: Heizleistung [kW] | C28: Formel | D28: Raumbedarf [m3]
B29: alle | C29: = Nutzenergiebedarf / (5.5 kWh/kg * 600 kg/m³ * 0.7) | D29: =NEB/(5.5*600*0.7) -> #VALUE!
B31: Holz-Schnitzel
B32: Heizleistung [kW] | C32: Formel | D32: Raumbedarf [m3]
B33: alle | C33: = Nutzenergiebedarf / (1000 kWh/m³ * 0.7) | D33: =NEB/(1000*0.7) -> #VALUE!
B35: Stückholz
B36: Heizleistung [kW] | C36: Formel | D36: Raumbedarf [m3]
B37: alle | C37: = Nutzenergiebedarf / (5.5 kWh/kg * 330 kg/m³ * 0.7) | D37: =NEB/(5.5*330*0.7) -> #VALUE!
B39: Oelheizung
B40: Heizleistung [kW] | C40: Formel Raumbedarf | D40: Formel Heizkessel | E40: Raumbedarf + Heizkessel [m3]
B41: < 25 | C41: = 10 * 2.4 | D41: = Heizleistung * 2000 / 10 / 1000 * 1.3 | E41: =10*2.4+Heizleistungsbedarf*2000/10/1000*1.3 -> 24
B42: 25-50 | C42: = (0.2 * Heizleistung + 5) * 2.4 | D42: = Heizleistung * 2000 / 10 / 1000 * 1.3 | E42: =(0.2*Heizleistungsbedarf+5)*2.4+Heizleistungsbedarf*2000/10/1000*1.3 -> 12
B43: 50-70 | C43: = (0.1 * Heizleistung + 10) * 2.4 | D43: = Heizleistung * 2000 / 10 / 1000 * 1.3 | E43: =(0.1*Heizleistungsbedarf+10)*2.4+Heizleistungsbedarf*2000/10/1000*1.3 -> 24
B44: 70-100 | C44: = (0.1 * Heizleistung + 10) * 2.8 | D44: = Heizleistung * 2000 / 10 / 1000 * 1.3 | E44: =(0.1*Heizleistungsbedarf+10)*2.8+Heizleistungsbedarf*2000/10/1000*1.3 -> 28
B45: 100-250 | C45: = (0.0667 * Heizleistung + 13.333) * 2.8 | D45: = Heizleistung * 2000 / 10 / 1000 * 1.3 | E45: =(0.0667*Heizleistungsbedarf+13.333)*2.8+Heizleistungsbedarf*2000/10/1000*1.3 -> 37.3324
B46: 250-500 | C46: = (0.06 * Heizleistung + 15) * 2.8 | D46: = Heizleistung * 2000 / 10 / 1000 * 1.3 | E46: =(0.06*Heizleistungsbedarf+15)*2.8+Heizleistungsbedarf*2000/10/1000*1.3 -> 42
B47: > 500 | C47: = (0.06 * Heizleistung + 15) * 3 | D47: = Heizleistung * 2000 / 10 / 1000 * 1.3 | E47: =(0.06*Heizleistungsbedarf+15)*3+Heizleistungsbedarf*2000/10/1000*1.3 -> 45
B50: Gasheizung
B51: Heizleistung [kW] | C51: Formel | D51: Raumbedarf [m3]
B52: < 25 | C52: = 10 * 2.4 | D52: 24
B53: 25-50 | C53: = (0.2 * Heizleistung + 5) * 2.4 | D53: =(0.2*Heizleistungsbedarf+5)*2.4 -> 12
B54: 50-70 | C54: = (0.1 * Heizleistung + 10) * 2.4 | D54: =(0.1*Heizleistungsbedarf+10)*2.4 -> 24
B55: 70-100 | C55: = (0.1 * Heizleistung + 10) * 2.8 | D55: =(0.1*Heizleistungsbedarf+10)*2.8 -> 28
B56: 100-250 | C56: = (0.0667 * Heizleistung + 13.333) * 2.8 | D56: =(0.0667*Heizleistungsbedarf+13.333)*2.8 -> 37.3324
B57: 250-500 | C57: = (0.06 * Heizleistung + 15) * 2.8 | D57: =(0.06*Heizleistungsbedarf+15)*2.8 -> 42
B58: > 500 | C58: = (0.06 * Heizleistung + 15) * 3 | D58: =(0.06*Heizleistungsbedarf+15)*3 -> 45

Sheet 7.2 Kalkulationszinssatz
A1: 7.2 | B1: Kalkulationszinsatz (Referenzssinsatz gemäss VMWG): https://www.bwo.admin.ch/bwo/de/home/mietrecht/referenzzinssatz/entwicklung-referenzzinssatz-und-durchschnittszinssatz.html
B3: Aktueller Wert: | C3: {=INDEX(B5:B39,(MATCH(TRUE,INDEX(ISNUMBER(B5:B39),0),0)))} -> 0.0125
B5: Hypothekarischer Referenzzinssatz bei Mietverhältnissen | C5: gültig ab | D5: zugrunde liegender Durchschnittszinssatz | E5: Stichtag der Erhebung
B14: 0.0125 | C14: 46267 | D14: 0.0131 | E14: 46203
B15: 0.0125 | C15: 46175 | D15: 0.0131 | E15: 46112
B16: 0.0125 | C16: 46084 | D16: 0.0132 | E16: 46022
B17: 0.0125 | C17: 45993 | D17: 0.0133 | E17: 45930
B18: 0.0125 | C18: 45902 | D18: 0.0137 | E18: 45838
B19: 0.015 | C19: 45811 | D19: 0.0144 | E19: 45747
B20: 0.015 | C20: 45720 | D20: 0.0153 | E20: 45657
B21: 0.0175 | C21: 45629 | D21: 0.0163 | E21: 45565
B22: 0.0175 | C22: 45538 | D22: 0.0167 | E22: 45473
B23: 0.0175 | C23: 45447 | D23: 0.0172 | E23: 45382
B24: 0.0175 | C24: 45353 | D24: 0.0172 | E24: 45291
B25: 0.0175 | C25: 45262 | D25: 0.0169 | E25: 45199
... B86: 0.035 | C86: 39701 | D86: 0.0343 | E86: 39629

Sheet Log-Journal
A1: Log-Journal zu dieser Datei
D2: Version: | E2: v 1.0
A3: Letzte Revision: | C3: 46295 | D3: Gültig bis: | E3: 46387
A5: Datum | B5: Version | C5: Wer | D5: Änderung | E5: Form.gültig
A6: 46113 | C6: im | D6: Tool erhalten und übernommen vom AWEL Zürich
A7: 30 | B7: V1.0 | C7: im | D7: Startversion | E7: 46387
